Workbook

Sheet ORÇAMENTO SINTÉTICO
A1: MUNICÍPIO DE NOVA SERRANA
A2: ESTADO DE MINAS GERAIS
A3: CNPJ: 18.291.385/0001-59
A5: Objeto: | B5: CONTRATAÇÃO DE EMPRESA ESPECIALIZADA PARA A CONSTRUÇÃO DE CENTRO MUNICIPAL DE EDUCAÇÃO INFANTIL NO BAIRRO SANTA TEREZA, CONFORME PROJETOS, MEMORIAIS, MODELO BIM E DOCUMENTOS AUXILIARES
A6: Município: | B6: Nova Serrana - MG
A7: Endereço: | B7: Avenida 02, SN, bairro Santa Tereza, Nova Serrana - MG
A8: BDI: | B8: 0.2247
A9: Encargos Sociais: Não Desonerado
A10: Referência de Preços: SINAPI - 02/2026 - Minas Gerais ; SBC - 03/2026 - Minas Gerais ; SICRO3 - 10/2025 - Minas Gerais ; ORSE - 12/2025 - Sergipe ; SEINFRA - 028 - Ceará ; SETOP - 10/2025 - Minas Gerais ; SIURB - 07/2025 - São Paulo ; SUDECAP - 10/2025 - Minas Gerais
A11: Valor total: | J11: =I15+I25+I28+I32+I66+I93+I96+I100+I117+I124+I136+I140+I143+I151+I156+I182+I202+I253+I255+I277+I328+I341+I348+I361+I367+I370 -> 7593113.2
A13: ORÇAMENTO SINTÉTICO
A14: ITEM | B14: CÓDIGO | C14: BANCO | D14: DESCRIÇÃO | E14: UND | F14: QUANT. | G14: VALOR UNITÁRIO | H14: VALOR COM BDI | I14: VALOR TOTAL | J14: PERCENTUAL
A15: 1 | D15: SERVIÇOS PRELIMINARES | F15: 1 | H15: 151792.95 | I15: 151792.95 | J15: 0.019990871
A16: 1.1 | B16: 103689 | C16: SINAPI | D16: FORNECIMENTO E INSTALAÇÃO DE PLACA DE OBRA COM CHAPA GALVANIZADA E ESTRUTURA DE MADEIRA. AF_03/2022_PS | E16: m² | F16: 6.48 | G16: 377.67 | H16: 462.53 | I16: 2997.19 | J16: 0.00039472479
A17: 1.2 | B17: 98459 | C17: SINAPI | D17: TAPUME COM TELHA METÁLICA. AF_03/2024 | E17: m² | F17: 830.49 | G17: 85.15 | H17: 104.28 | I17: 86603.5 | J17: 0.011405533
A18: 1.3 | B18: ED-50150 | C18: SETOP | D18: LIGAÇÃO DE ÁGUA PROVISÓRIA PARA CANTEIRO, INCLUSIVE HIDRÔMETRO E CAVALETE PARA MEDIÇÃO DE ÁGUA ENTRADA PRINCIPAL, EM AÇO GALVANIZADO DN 20MM (1/2”) PADRÃO CONCESSIONÁRIA | E18: un | F18: 1 | G18: 592.8 | H18: 726 | I18: 726 | J18: 9.5612956e-05
A19: 1.4 | B19: ED-50151 | C19: SETOP | D19: LIGAÇÃO PROVISÓRIA COM ENTRADA DE ENERGIA AÉREA, PADRÃO CEMIG, CARGA INSTALADA DE 15,1KVA ATÉ 30KVA, TRIFÁSICO, COM SAÍDA SUBTERRÂNEA, INCLUSIVE POSTE, CAIXA PARA MEDIDOR, DISJUNTOR, BARRAMENTO, ATERRAMENTO E ACESSÓRIOS | E19: un | F19: 1 | G19: 965.51 | H19: 1182.46 | I19: 1182.46 | J19: 0.00015572796
A20: 1.5 | B20: ED-50137 | C20: SETOP | D20: MOBILIZAÇÃO E DESMOBILIZAÇÃO DE CONTAINER, INCLUSIVE CARGA, DESCARGA E TRANSPORTE EM CAMINHÃO CARROCERIA COM GUINDAUTO (MUNCK), EXCLUSIVE LOCAÇÃO DO CONTAINER | E20: un | F20: 2 | G20: 1668.96 | H20: 2043.98 | I20: 4087.96 | J20: 0.00053837733
A21: 1.6 | B21: ED-16349 | C21: SETOP | D21: LOCAÇÃO DE CONTAINER COM ISOLAMENTO TÉRMICO, TIPO 2, PARA ESCRITÓRIO DE OBRA COM SANITÁRIO CONTENDO UM (1) VASO SANITÁRIO E UM (1) LAVATÓRIO, COM MEDIDAS REFERENCIAIS DE (6) METROS COMPRIMENTO, (2,3) METROS LARGURA E (2,5) METROS ALTURA ÚTIL INTERNA, INCLUSIVE AR CONDICIONADO E LIGAÇÕES ELÉTRICAS E HIDROSSANITÁRIAS INTERNAS, EXCLUSIVE MOBILIZAÇÃO/DESMOBILIZAÇÃO E LIGAÇÕES PROVISÓRIAS EXTERNAS | E21: mês | F21: 18 | G21: 1633.81 | H21: 2000.93 | I21: 36016.74 | J21: 0.004743343
A22: 1.7 | B22: ED-16350 | C22: SETOP | D22: LOCAÇÃO DE CONTAINER COM ISOLAMENTO TÉRMICO, TIPO 3, PARA DEPÓSITO/FERRAMENTARIA DE OBRA, COM MEDIDAS REFERENCIAIS DE (6) METROS COMPRIMENTO, (2,3) METROS LARGURA E (2,5) METROS ALTURA ÚTIL INTERNA, INCLUSIVE LIGAÇÕES ELÉTRICAS INTERNAS, EXCLUSIVE MOBILIZAÇÃO/DESMOBILIZAÇÃO E LIGAÇÕES PROVISÓRIAS EXTERNAS | E22: mês | F22: 18 | G22: 858.71 | H22: 1051.66 | I22: 18929.88 | J22: 0.0024930328
A23: 1.8 | B23: ED-16357 | C23: SETOP | D23: LIGAÇÕES PROVISÓRIAS PARA CONTAINER TIPO 2 (CORRESPONDENTE AO CÓDIGO ED 16349) | E23: un | F23: 1 | G23: 676.99 | H23: 829.11 | I23: 829.11 | J23: 0.00010919237
A24: 1.9 | B24: ED-16358 | C24: SETOP | D24: LIGAÇÕES PROVISÓRIAS PARA CONTAINER TIPO 3 (CORRESPONDENTE AO CÓDIGO ED 16350) | E24: un | F24: 1 | G24: 343.03 | H24: 420.11 | I24: 420.11 | J24: 5.5327767e-05
A25: 2 | D25: ADMINISTRAÇÃO LOCAL | F25: 1 | H25: 535170.24 | I25: 535170.24 | J25: 0.070481004
A26: 2.1 | B26: 90777 | C26: SINAPI | D26: ENGENHEIRO CIVIL DE OBRA JUNIOR COM ENCARGOS COMPLEMENTARES | E26: H | F26: 1584 | G26: 142.42 | H26: 174.42 | I26: 276281.28 | J26: 0.036385771
A27: 2.2 | B27: 90776 | C27: SINAPI | D27: ENCARREGADO GERAL COM ENCARGOS COMPLEMENTARES | E27: H | F27: 3168 | G27: 66.73 | H27: 81.72 | I27: 258888.96 | J27: 0.034095233
A28: 3 | D28: PREPARAÇÃO DO TERRENO E MOVIMENTAÇÃO DE SOLO | F28: 1 | H28: 53426.63 | I28: 53426.63 | J28: 0.0070361957
A29: 3.1 | B29: 98525 | C29: SINAPI | D29: LIMPEZA MECANIZADA DE CAMADA VEGETAL, VEGETAÇÃO E PEQUENAS ÁRVORES (DIÂMETRO DE TRONCO MENOR QUE 0,20 M), COM TRATOR DE ESTEIRAS. AF_03/2024 | E29: m² | F29: 4241.75 | G29: 0.73 | H29: 0.89 | I29: 3775.16 | J29: 0.00049718211
A30: 3.2 | B30: RO-00044 | C30: SETOP | D30: Escavação, carga e transporte de solos moles executado com caminhão basculante de 12 m3 e com caminho de serviço pavimentado DMT de 3.000 m | E30: m³ | F30: 424.18 | G30: 23.89 | H30: 29.26 | I30: 12411.51 | J30: 0.0016345746
A31: 3.3 | B31: RO-00215 | C31: SETOP | D31: Compactação de aterros a 100% do Proctor normal (Inclui espalhamento) | E31: m³ | F31: 5873.81 | G31: 5.18 | H31: 6.34 | I31: 37239.96 | J31: 0.0049044389
A32: 4 | D32: FUNDAÇÕES E INFRAESTRUTURA - CONCRETO ARMADO | F32: 1 | H32: 1042561.6 | I32: 1042561.6 | J32: 0.13730358
A33: 4.1 | D33: SAPATAS | F33: 1 | H33: 420018.83 | I33: 420018.83 | J33: 0.05531576
A34: 4.1.1 | B34: 104919 | C34: SINAPI | D34: ARMAÇÃO DE SAPATA ISOLADA, VIGA BALDRAME E SAPATA CORRIDA UTILIZANDO AÇO CA-50 DE 10 MM - MONTAGEM. AF_01/2024 | E34: KG | F34: 5499 | G34: 12.38 | H34: 15.16 | I34: 83364.84 | J34: 0.010979007
A35: 4.1.2 | B35: 96535 | C35: SINAPI | D35: FABRICAÇÃO, MONTAGEM E DESMONTAGEM DE FÔRMA PARA SAPATA, EM MADEIRA SERRADA, E=25 MM, 4 UTILIZAÇÕES. AF_01/2024 | E35: m² | F35: 528.92 | G35: 149.17 | H35: 182.69 | I35: 96628.39 | J35: 0.012725793
A36: 4.1.3 | B36: CPU572 | C36: Próprio | D36: CONCRETAGEM DE SAPATA, FCK 25 MPA, COM USO DE BOMBA - LANÇAMENTO, ADENSAMENTO E ACABAMENTO. AF_01/2024 - Adaptado da SINAPI (96558) | E36: m³ | F36: 173.65 | G36: 799.81 | H36: 979.53 | I36: 170095.38 | J36: 0.02240127
A37: 4.1.4 | B37: 96523 | C37: SINAPI | D37: ESCAVAÇÃO MANUAL PARA BLOCO DE COROAMENTO OU SAPATA (INCLUINDO ESCAVAÇÃO PARA COLOCAÇÃO DE FÔRMAS). AF_01/2024 | E37: m³ | F37: 289.42 | G37: 110.24 | H37: 135.01 | I37: 39074.59 | J37: 0.0051460566
A38: 4.1.5 | B38: 104737 | C38: SINAPI | D38: REATERRO MANUAL DE VALAS, COM PLACA VIBRATÓRIA. AF_08/2023 | E38: m³ | F38: 115.77 | G38: 24.61 | H38: 30.14 | I38: 3489.31 | J38: 0.00045953615
A39: 4.1.6 | B39: 98557 | C39: SINAPI | D39: IMPERMEABILIZAÇÃO DE SUPERFÍCIE COM EMULSÃO ASFÁLTICA, 2 DEMÃOS. AF_09/2023 | E39: m² | F39: 528.92 | G39: 42.25 | H39: 51.74 | I39: 27366.32 | J39: 0.0036040975
A40: 4.2 | D40: ARRANQUES DE PILARES | F40: 1 | H40: 135721.54 | I40: 135721.54 | J40: 0.017874294
A41: 4.2.1 | B41: 92759 | C41: SINAPI | D41: ARMAÇÃO DE PILAR OU VIGA DE ESTRUTURA CONVENCIONAL DE CONCRETO ARMADO UTILIZANDO AÇO CA-60 DE 5,0 MM - MONTAGEM. AF_06/2022 | E41: KG | F41: 498 | G41: 14.2 | H41: 17.39 | I41: 8660.22 | J41: 0.0011405361
A42: 4.2.2 | B42: 92762 | C42: SINAPI | D42: ARMAÇÃO DE PILAR OU VIGA DE ESTRUTURA CONVENCIONAL DE CONCRETO ARMADO UTILIZANDO AÇO CA-50 DE 10,0 MM - MONTAGEM. AF_06/2022 | E42: KG | F42: 1448 | G42: 10.33 | H42: 12.65 | I42: 18317.2 | J42: 0.0024123439
A43: 4.2.3 | B43: 92763 | C43: SINAPI | D43: ARMAÇÃO DE PILAR OU VIGA DE ESTRUTURA CONVENCIONAL DE CONCRETO ARMADO UTILIZANDO AÇO CA-50 DE 12,5 MM - MONTAGEM. AF_06/2022 | E43: KG | F43: 1920 | G43: 8.58 | H43: 10.51 | I43: 20179.2 | J43: 0.0026575661
A44: 4.2.4 | B44: 92269 | C44: SINAPI | D44: FABRICAÇÃO DE FÔRMA PARA PILARES E ESTRUTURAS SIMILARES, EM MADEIRA SERRADA, E=25 MM. AF_09/2020 | E44: m² | F44: 430.46 | G44: 129.74 | H44: 158.89 | I44: 68395.79 | J44: 0.0090076084
A45: 4.2.5 | B45: 103672 | C45: SINAPI | D45: CONCRETAGEM DE PILARES, FCK = 25 MPA, COM USO DE BOMBA - LANÇAMENTO, ADENSAMENTO E ACABAMENTO. AF_02/2022_PS | E45: m³ | F45: 23.13 | G45: 712 | H45: 871.99 | I45: 20169.13 | J45: 0.0026562399
A46: 4.3 | D46: VIGAS BALDRAMES | F46: 1 | H46: 428610.56 | I46: 428610.56 | J46: 0.056447277
A47: 4.3.1 | B47: 104916 | C47: SINAPI | D47: ARMAÇÃO DE SAPATA ISOLADA, VIGA BALDRAME E SAPATA CORRIDA UTILIZANDO AÇO CA-60 DE 5 MM - MONTAGEM. AF_01/2024 | E47: KG | F47: 1217.3 | G47: 17.37 | H47: 21.27 | I47: 25891.97 | J47: 0.0034099281
A48: 4.3.2 | B48: 104918 | C48: SINAPI | D48: ARMAÇÃO DE SAPATA ISOLADA, VIGA BALDRAME E SAPATA CORRIDA UTILIZANDO AÇO CA-50 DE 8 MM - MONTAGEM. AF_01/2024 | E48: KG | F48: 990.3 | G48: 14.09 | H48: 17.26 | I48: 17092.58 | J48: 0.0022510635
A49: 4.3.3 | B49: 104919 | C49: SINAPI | D49: ARMAÇÃO DE SAPATA ISOLADA, VIGA BALDRAME E SAPATA CORRIDA UTILIZANDO AÇO CA-50 DE 10 MM - MONTAGEM. AF_01/2024 | E49: KG | F49: 2772.2 | G49: 12.38 | H49: 15.16 | I49: 42026.55 | J49: 0.0055348246
A50: 4.3.4 | B50: 104920 | C50: SINAPI | D50: ARMAÇÃO DE BLOCO, SAPATA ISOLADA, VIGA BALDRAME E SAPATA CORRIDA UTILIZANDO AÇO CA-50 DE 12,5 MM - MONTAGEM. AF_01/2024 | E50: KG | F50: 586.1 | G50: 10.42 | H50: 12.76 | I50: 7478.64 | J50: 0.00098492408
A51: 4.3.5 | B51: 104921 | C51: SINAPI | D51: ARMAÇÃO DE BLOCO, SAPATA ISOLADA, VIGA BALDRAME E SAPATA CORRIDA UTILIZANDO AÇO CA-50 DE 16 MM - MONTAGEM. AF_01/2024 | E51: KG | F51: 299.5 | G51: 9.65 | H51: 11.82 | I51: 3540.09 | J51: 0.00046622379
A52: 4.3.6 | B52: 96536 | C52: SINAPI | D52: FABRICAÇÃO, MONTAGEM E DESMONTAGEM DE FÔRMA PARA VIGA BALDRAME, EM MADEIRA SERRADA, E=25 MM, 4 UTILIZAÇÕES. AF_01/2024 | E52: m² | F52: 1286.87 | G52: 73.41 | H52: 89.91 | I52: 115702.48 | J52: 0.015237818
A53: 4.3.7 | B53: CPU573 | C53: Próprio | D53: CONCRETAGEM DE BLOCO DE COROAMENTO OU VIGA BALDRAME, FCK 25 MPA, COM USO DE BOMBA - LANÇAMENTO, ADENSAMENTO E ACABAMENTO. AF_01/2024, Adaptado da SINAPI (96557) - | E53: m³ | F53: 119.22 | G53: 763.68 | H53: 935.28 | I53: 111504.08 | J53: 0.014684896
A54: 4.3.8 | B54: 96527 | C54: SINAPI | D54: ESCAVAÇÃO MANUAL PARA VIGA BALDRAME OU SAPATA CORRIDA (INCLUINDO ESCAVAÇÃO PARA COLOCAÇÃO DE FÔRMAS). AF_01/2024 | E54: m³ | F54: 178.83 | G54: 121.2 | H54: 148.43 | I54: 26543.74 | J54: 0.0034957651
A55: 4.3.9 | B55: 104737 | C55: SINAPI | D55: REATERRO MANUAL DE VALAS, COM PLACA VIBRATÓRIA. AF_08/2023 | E55: m³ | F55: 59.61 | G55: 24.61 | H55: 30.14 | I55: 1796.65 | J55: 0.00023661573
A56: 4.3.10 | B56: 96616 | C56: SINAPI | D56: LASTRO DE CONCRETO MAGRO, APLICADO EM BLOCOS DE COROAMENTO OU SAPATAS. AF_01/2024 | E56: m³ | F56: 8.94 | G56: 954.54 | H56: 1169.03 | I56: 10451.13 | J56: 0.0013763959
A57: 4.3.11 | B57: 98557 | C57: SINAPI | D57: IMPERMEABILIZAÇÃO DE SUPERFÍCIE COM EMULSÃO ASFÁLTICA, 2 DEMÃOS. AF_09/2023 | E57: m² | F57: 1286.87 | G57: 42.25 | H57: 51.74 | I57: 66582.65 | J57: 0.0087688209
A58: 4.4 | D58: ESTACAS | F58: 1 | H58: 3324.8 | I58: 3324.8 | J58: 0.00043787046
A59: 4.4.1 | B59: CPU633 | C59: Próprio | D59: ESTACA BROCA DE CONCRETO, DIÂMETRO DE 20CM, ESCAVAÇÃO MANUAL COM TRADO CONCHA, COM ARMADURA DE ARRANQUE. AF_05/2020, adaptado de SINAPI (101173) | E59: M | F59: 32 | G59: 84.84 | H59: 103.9 | I59: 3324.8 | J59: 0.00043787046
A60: 4.5 | D60: PISO QUADRA | F60: 1 | H60: 54885.9 | I60: 54885.9 | J60: 0.007228379
A61: 4.5.1 | B61: 97088 | C61: SINAPI | D61: ARMAÇÃO PARA EXECUÇÃO DE RADIER, PISO DE CONCRETO OU LAJE SOBRE SOLO, COM USO DE TELA Q-92. AF_09/2021 | E61: KG | F61: 792.08 | G61: 16.41 | H61: 20.1 | I61: 15920.81 | J61: 0.0020967434
A62: 4.5.2 | B62: 97084 | C62: SINAPI | D62: COMPACTAÇÃO MECÂNICA DE SOLO PARA EXECUÇÃO DE RADIER, PISO DE CONCRETO OU LAJE SOBRE SOLO, COM COMPACTADOR DE SOLOS TIPO PLACA VIBRATÓRIA. AF_09/2021 | E62: m² | F62: 535.19 | G62: 0.81 | H62: 0.99 | I62: 529.84 | J62: 6.977902e-05
A63: 4.5.3 | B63: 97087 | C63: SINAPI | D63: CAMADA SEPARADORA PARA EXECUÇÃO DE RADIER, PISO DE CONCRETO OU LAJE SOBRE SOLO, EM LONA PLÁSTICA. AF_09/2021 | E63: m² | F63: 535.19 | G63: 3.43 | H63: 4.2 | I63: 2247.8 | J63: 0.00029603141
A64: 4.5.4 | B64: 100324 | C64: SINAPI | D64: LASTRO COM MATERIAL GRANULAR (PEDRA BRITADA N.1 E PEDRA BRITADA N.2), APLICADO EM PISOS OU LAJES SOBRE SOLO, ESPESSURA DE *10 CM*. AF_01/2024 | E64: m³ | F64: 5.35 | G64: 227.01 | H64: 278.02 | I64: 1487.41 | J64: 0.00019588935
A65: 4.5.5 | B65: CPU634 | C65: Próprio | D65: Copia da SINAPI (97096) - CONCRETAGEM DE RADIER, PISO DE CONCRETO OU LAJE SOBRE SOLO, FCK 25 MPA - LANÇAMENTO, ADENSAMENTO E ACABAMENTO. AF_09/2021 | E65: m³ | F65: 42.82 | G65: 661.69 | H65: 810.37 | I65: 34700.04 | J65: 0.0045699358
A66: 5 | D66: SUPERESTRUTURA - CONCRETO ARMADO | F66: 1 | H66: 1181178.4 | I66: 1181178.4 | J66: 0.15555918
A67: 5.1 | D67: VIGAS AÉREAS | F67: 1 | H67: 337055.59 | I67: 337055.59 | J67: 0.044389644
A68: 5.1.1 | B68: 92759 | C68: SINAPI | D68: ARMAÇÃO DE PILAR OU VIGA DE ESTRUTURA CONVENCIONAL DE CONCRETO ARMADO UTILIZANDO AÇO CA-60 DE 5,0 MM - MONTAGEM. AF_06/2022 | E68: KG | F68: 1259.8 | G68: 14.2 | H68: 17.39 | I68: 21907.92 | J68: 0.0028852355
A69: 5.1.2 | B69: 92761 | C69: SINAPI | D69: ARMAÇÃO DE PILAR OU VIGA DE ESTRUTURA CONVENCIONAL DE CONCRETO ARMADO UTILIZANDO AÇO CA-50 DE 8,0 MM - MONTAGEM. AF_06/2022 | E69: KG | F69: 1364.9 | G69: 11.79 | H69: 14.44 | I69: 19709.16 | J69: 0.0025956626
A70: 5.1.3 | B70: 92762 | C70: SINAPI | D70: ARMAÇÃO DE PILAR OU VIGA DE ESTRUTURA CONVENCIONAL DE CONCRETO ARMADO UTILIZANDO AÇO CA-50 DE 10,0 MM - MONTAGEM. AF_06/2022 | E70: KG | F70: 1044 | G70: 10.33 | H70: 12.65 | I70: 13206.6 | J70: 0.0017392866
A71: 5.1.4 | B71: 92763 | C71: SINAPI | D71: ARMAÇÃO DE PILAR OU VIGA DE ESTRUTURA CONVENCIONAL DE CONCRETO ARMADO UTILIZANDO AÇO CA-50 DE 12,5 MM - MONTAGEM. AF_06/2022 | E71: KG | F71: 1355 | G71: 8.58 | H71: 10.51 | I71: 14241.05 | J71: 0.0018755219
A72: 5.1.5 | B72: 92764 | C72: SINAPI | D72: ARMAÇÃO DE PILAR OU VIGA DE ESTRUTURA CONVENCIONAL DE CONCRETO ARMADO UTILIZANDO AÇO CA-50 DE 16,0 MM - MONTAGEM. AF_06/2022 | E72: KG | F72: 800 | G72: 8.21 | H72: 10.05 | I72: 8040 | J72: 0.0010588542
A73: 5.1.6 | B73: 103675 | C73: SINAPI | D73: CONCRETAGEM DE VIGAS E LAJES, FCK=25 MPA, PARA LAJES MACIÇAS OU NERVURADAS COM USO DE BOMBA - LANÇAMENTO, ADENSAMENTO E ACABAMENTO. AF_02/2022_PS | E73: m³ | F73: 90.9 | G73: 713.65 | H73: 874.01 | I73: 79447.51 | J73: 0.010463101
A74: 5.1.7 | B74: 92455 | C74: SINAPI | D74: MONTAGEM E DESMONTAGEM DE FÔRMA DE VIGA, ESCORAMENTO COM GARFO DE MADEIRA, PÉ-DIREITO SIMPLES, EM CHAPA DE MADEIRA RESINADA, 4 UTILIZAÇÕES. AF_09/2020 | E74: m² | F74: 888.61 | G74: 165.86 | H74: 203.13 | I74: 180503.35 | J74: 0.023771982
A75: 5.2 | D75: PILARES | F75: 1 | H75: 159658.73 | I75: 159658.73 | J75: 0.021026781
A76: 5.2.1 | B76: 104111 | C76: SINAPI | D76: ARMAÇÃO DE PILAR OU VIGA DE ESTRUTURA DE CONCRETO ARMADO EMBUTIDA EM ALVENARIA DE VEDAÇÃO UTILIZANDO AÇO CA-60 DE 5,0 MM - MONTAGEM. AF_06/2022 | E76: KG | F76: 627.6 | G76: 21.86 | H76: 26.77 | I76: 16800.85 | J76: 0.0022126432
A77: 5.2.2 | B77: 104108 | C77: SINAPI | D77: ARMAÇÃO DE PILAR OU VIGA DE ESTRUTURA DE CONCRETO ARMADO EMBUTIDA EM ALVENARIA DE VEDAÇÃO UTILIZANDO AÇO CA-50 DE 10,0 MM - MONTAGEM. AF_06/2022 | E77: KG | F77: 1186.1 | G77: 12.47 | H77: 15.27 | I77: 18111.75 | J77: 0.0023852864
A78: 5.2.3 | B78: 104107 | C78: SINAPI | D78: ARMAÇÃO DE PILAR OU VIGA DE ESTRUTURA DE CONCRETO ARMADO EMBUTIDA EM ALVENARIA DE VEDAÇÃO UTILIZANDO AÇO CA-50 DE 12,5 MM - MONTAGEM. AF_06/2022 | E78: KG | F78: 1209.5 | G78: 10.42 | H78: 12.76 | I78: 15433.22 | J78: 0.0020325286
A79: 5.2.4 | B79: 92423 | C79: SINAPI | D79: MONTAGEM E DESMONTAGEM DE FÔRMA DE PILARES RETANGULARES E ESTRUTURAS SIMILARES, PÉ-DIREITO SIMPLES, EM CHAPA DE MADEIRA COMPENSADA RESINADA, 6 UTILIZAÇÕES. AF_09/2020 | E79: m² | F79: 785.42 | G79: 76.16 | H79: 93.27 | I79: 73256.12 | J79: 0.0096477055
A80: 5.2.5 | B80: 103672 | C80: SINAPI | D80: CONCRETAGEM DE PILARES, FCK = 25 MPA, COM USO DE BOMBA - LANÇAMENTO, ADENSAMENTO E ACABAMENTO. AF_02/2022_PS | E80: m³ | F80: 41.35 | G80: 712 | H80: 871.99 | I80: 36056.79 | J80: 0.0047486175
A81: 5.3 | D81: LAJES | F81: 1 | H81: 532321.56 | I81: 532321.56 | J81: 0.070105838
A82: 5.3.1 | B82: 92767 | C82: SINAPI | D82: ARMAÇÃO DE LAJE DE ESTRUTURA CONVENCIONAL DE CONCRETO ARMADO UTILIZANDO AÇO CA-60 DE 4,2 MM - MONTAGEM. AF_06/2022 | E82: KG | F82: 16 | G82: 15.83 | H82: 19.39 | I82: 310.24 | J82: 4.0858077e-05
A83: 5.3.2 | B83: 92768 | C83: SINAPI | D83: ARMAÇÃO DE LAJE DE ESTRUTURA CONVENCIONAL DE CONCRETO ARMADO UTILIZANDO AÇO CA-60 DE 5,0 MM - MONTAGEM. AF_06/2022 | E83: KG | F83: 7885.7 | G83: 13.51 | H83: 16.55 | I83: 130508.34 | J83: 0.017187725
A84: 5.3.3 | B84: 92769 | C84: SINAPI | D84: ARMAÇÃO DE LAJE DE ESTRUTURA CONVENCIONAL DE CONCRETO ARMADO UTILIZANDO AÇO CA-50 DE 6,3 MM - MONTAGEM. AF_06/2022 | E84: KG | F84: 2989.4 | G84: 12.24 | H84: 14.99 | I84: 44811.11 | J84: 0.0059015464
A85: 5.3.4 | B85: 92770 | C85: SINAPI | D85: ARMAÇÃO DE LAJE DE ESTRUTURA CONVENCIONAL DE CONCRETO ARMADO UTILIZANDO AÇO CA-50 DE 8,0 MM - MONTAGEM. AF_06/2022 | E85: KG | F85: 1409.9 | G85: 11.19 | H85: 13.7 | I85: 19315.63 | J85: 0.0025438354
A86: 5.3.5 | B86: 92771 | C86: SINAPI | D86: ARMAÇÃO DE LAJE DE ESTRUTURA CONVENCIONAL DE CONCRETO ARMADO UTILIZANDO AÇO CA-50 DE 10,0 MM - MONTAGEM. AF_06/2022 | E86: KG | F86: 195 | G86: 9.79 | H86: 11.99 | I86: 2338.05 | J86: 0.00030791718
A87: 5.3.6 | B87: 92518 | C87: SINAPI | D87: MONTAGEM E DESMONTAGEM DE FÔRMA DE LAJE MACIÇA, PÉ-DIREITO SIMPLES, EM CHAPA DE MADEIRA COMPENSADA RESINADA, 6 UTILIZAÇÕES. AF_09/2020 | E87: m² | F87: 1948.09 | G87: 48.03 | H87: 58.82 | I87: 114586.65 | J87: 0.015090866
A88: 5.3.7 | B88: 103675 | C88: SINAPI | D88: CONCRETAGEM DE VIGAS E LAJES, FCK=25 MPA, PARA LAJES MACIÇAS OU NERVURADAS COM USO DE BOMBA - LANÇAMENTO, ADENSAMENTO E ACABAMENTO. AF_02/2022_PS | E88: m³ | F88: 252.23 | G88: 713.65 | H88: 874.01 | I88: 220451.54 | J88: 0.02903309
A89: 5.4 | D89: MURO DE ARRIMO | F89: 1 | H89: 152142.57 | I89: 152142.57 | J89: 0.020036916
A90: 5.4.1 | B90: ED-48214 | C90: SETOP | D90: ALVENARIA DE BLOCO DE CONCRETO CHEIO COM ARMAÇÃO, EM CONCRETO COM FCK 15MPA , ESP. 19CM, PARA REVESTIMENTO, INCLUSIVE ARGAMASSA PARA ASSENTAMENTO (DETALHE D CADERNO SEDS) | E90: m² | F90: 312.04 | G90: 278.99 | H90: 341.68 | I90: 106617.83 | J90: 0.014041386
A91: 5.4.2 | B91: ED-48336 | C91: SETOP | D91: VIGA 0,10 A 0,20 M DE LARGURA, CONCRETO 1:2:4 COM ARMAÇÃO E FORMA RESINADA | E91: m³ | F91: 13.58 | G91: 2560.87 | H91: 3136.3 | I91: 42590.95 | J91: 0.0056091552
A92: 5.4.3 | B92: 92803 | C92: SINAPI | D92: CORTE E DOBRA DE AÇO CA-50, DIÂMETRO DE 10,0 MM. AF_06/2022 | E92: KG | F92: 289.9 | G92: 8.26 | H92: 10.12 | I92: 2933.79 | J92: 0.00038637512
A93: 6 | D93: ESTRUTURAS METÁLICAS | F93: 1 | H93: 250596.45 | I93: 250596.45 | J93: 0.033003123
A94: 6.1 | B94: CPU632 | C94: Próprio | D94: CÓPIA DE SINAPI 100765 - PILAR METÁLICO PERFIL LAMINADO/SOLDADO EM AÇO ESTRUTURAL, COM CONEXÕES PARAFUSADAS, INCLUSOS MÃO DE OBRA, TRANSPORTE E IÇAMENTO UTILIZANDO GUINDASTE - FORNECIMENTO E INSTALAÇÃO. | E94: kg | F94: 5034.6 | G94: 13.98 | H94: 17.12 | I94: 86192.35 | J94: 0.011351385
A95: 6.2 | B95: CPU635 | C95: Próprio | D95: ESTRUTURA METÁLICA EM PERFIL DOBRADO EM AÇO ESTRUTURAL A36, INCLUSOS MÃO DE OBRA, TRANSPORTE E IÇAMENTO UTILIZANDO GUINDASTE - FORNECIMENTO E INSTALAÇÃO. | E95: KG | F95: 11520.96 | G95: 11.65 | H95: 14.27 | I95: 164404.1 | J95: 0.021651738
A96: 7 | D96: ALVENARIA DE VEDAÇÃO E FECHAMENTO | F96: 1 | H96: 370507.72 | I96: 370507.72 | J96: 0.048795232
A97: 7.1 | B97: ED-48232 | C97: SETOP | D97: ALVENARIA DE VEDAÇÃO COM TIJOLO CERÂMICO FURADO, ESP. 14CM, PARA REVESTIMENTO, INCLUSIVE ARGAMASSA PARA ASSENTAMENTO | E97: m² | F97: 1804.63 | G97: 73.54 | H97: 90.06 | I97: 162524.98 | J97: 0.021404261
A98: 7.2 | B98: ED-48233 | C98: SETOP | D98: ALVENARIA DE VEDAÇÃO COM TIJOLO CERÂMICO FURADO, ESP. 19CM, PARA REVESTIMENTO, INCLUSIVE ARGAMASSA PARA ASSENTAMENTO | E98: m² | F98: 1727.39 | G98: 96.91 | H98: 118.69 | I98: 205023.92 | J98: 0.027001299
A99: 7.3 | B99: 101161 | C99: SINAPI | D99: ALVENARIA DE VEDAÇÃO COM ELEMENTO VAZADO DE CONCRETO (COBOGÓ) DE 7X50X50CM E ARGAMASSA DE ASSENTAMENTO COM PREPARO EM BETONEIRA. AF_05/2020 | E99: m² | F99: 9.42 | G99: 256.47 | H99: 314.1 | I99: 2958.82 | J99: 0.00038967153
A100: 8 | D100: ESQUADRIAS | F100: 1 | H100: 316146.51 | I100: 316146.51 | J100: 0.041635954
A101: 8.1 | D101: PORTAS INTERNAS | F101: 1 | H101: 205802.45 | I101: 205802.45 | J101: 0.02710383
A102: 8.1.1 | B102: ED-50973 | C102: SETOP | D102: PORTA METÁLICA EM CHAPA DOBRADA, DIMENSÃO (80X210)CM, TIPO DE ABRIR, UMA (1) FOLHA, INCLUSIVE ESTRUTURA, DOBRADIÇA E MARCO, EXCLUSIVE FECHADURA E PINTURA | E102: un | F102: 56 | G102: 614.55 | H102: 752.64 | I102: 42147.84 | J102: 0.0055507983
...

Sheet ORÇAMENTO ANALÍTICO
A1: MUNICÍPIO DE NOVA SERRANA
A2: ESTADO DE MINAS GERAIS
A3: CNPJ: 18.291.385/0001-59
A5: Objeto: | B5: CONTRATAÇÃO DE EMPRESA ESPECIALIZADA PARA A CONSTRUÇÃO DE CENTRO MUNICIPAL DE EDUCAÇÃO INFANTIL NO BAIRRO SANTA TEREZA, CONFORME PROJETOS, MEMORIAIS, MODELO BIM E DOCUMENTOS AUXILIARES
A6: Município: | B6: Nova Serrana - MG
A7: Endereço: | B7: Avenida 02, SN, bairro Santa Tereza, Nova Serrana - MG
A8: BDI: | B8: 0.2247
A9: Encargos Sociais: Não Desonerado
A10: ='ORÇAMENTO SINTÉTICO'!A10 -> Referência de Preços: SINAPI - 02/2026 - Minas Gerais ; SBC - 03/2026 - Minas Gerais ; SICRO3 - 10/2025 - Minas Gerais ; ORSE - 12/2025 - Sergipe ; SEINFRA - 028 - Ceará ; SETOP - 10/2025 - Minas Gerais ; SIURB - 07/2025 - São Paulo ; SUDECAP - 10/2025 - Minas Gerais
A11: Valor total: | J11: ='ORÇAMENTO SINTÉTICO'!J11 -> 7593113.2
A13: ORÇAMENTO ANALÍTICO
A14: 1 | D14: SERVIÇOS PRELIMINARES | J14: 151792.95
A15: 1.1 | B15: Código | C15: Banco | D15: Descrição | E15: Tipo | G15: Und | H15: Quant. | I15: Valor Unit | J15: Total
A16: Composição | B16: 103689 | C16: SINAPI | D16: FORNECIMENTO E INSTALAÇÃO DE PLACA DE OBRA COM CHAPA GALVANIZADA E ESTRUTURA DE MADEIRA. AF_03/2022_PS | E16: Sinalização Vertical Viária | G16: m² | H16: 1 | I16: 377.67 | J16: 377.67
A17: Composição Auxiliar | B17: 88262 | C17: SINAPI | D17: CARPINTEIRO DE FORMAS COM ENCARGOS COMPLEMENTARES | E17: Livro SINAPI: Cálculos e Parâmetros | G17: H | H17: 0.3729 | I17: 32.89 | J17: 12.26
A18: Composição Auxiliar | B18: 102234 | C18: SINAPI | D18: PINTURA IMUNIZANTE PARA MADEIRA, 2 DEMÃOS. AF_01/2021 | E18: Pintura em Madeira | G18: m² | H18: 0.5 | I18: 24.21 | J18: 12.1
A19: Composição Auxiliar | B19: 88316 | C19: SINAPI | D19: SERVENTE COM ENCARGOS COMPLEMENTARES | E19: Livro SINAPI: Cálculos e Parâmetros | G19: H | H19: 1.1186 | I19: 24.88 | J19: 27.83
A20: Insumo | B20: 00005069 | C20: SINAPI | D20: PREGO DE ACO POLIDO COM CABECA 17 X 27 (2 1/2 X 11) | E20: Material | G20: KG | H20: 0.0132 | I20: 17.9 | J20: 0.23628
A21: Insumo | B21: 00005065 | C21: SINAPI | D21: PREGO DE ACO POLIDO COM CABECA 10 X 10 (7/8 X 17) | E21: Material | G21: KG | H21: 0.0113 | I21: 33.42 | J21: 0.377646
A22: Insumo | B22: 00004509 | C22: SINAPI | D22: SARRAFO *2,5 X 10* CM EM PINUS, MISTA OU EQUIVALENTE DA REGIAO - BRUTA | E22: Material | G22: M | H22: 3.2083 | I22: 3.86 | J22: 12.384038
A23: Insumo | B23: 00004813 | C23: SINAPI | D23: PLACA DE OBRA (PARA CONSTRUCAO CIVIL) EM CHAPA GALVANIZADA *N. 22*, ADESIVADA, DE *2,4 X 1,2* M (SEM POSTES PARA FIXACAO) | E23: Material | G23: m² | H23: 1 | I23: 312.5 | J23: 312.5
E24: MO sem LS => | F24: 35.51 | G24: LS => | H24: 0 | I24: MO com LS => | J24: 35.51
E25: Valor do BDI => | F25: 84.86 | H25: Valor com BDI => | J25: 462.53
G26: Quant. => | H26: 6,48 | I26: Preço Total => | J26: 2997.19
A28: 1.2 | B28: Código | C28: Banco | D28: Descrição | E28: Tipo | G28: Und | H28: Quant. | I28: Valor Unit | J28: Total
A29: Composição | B29: 98459 | C29: SINAPI | D29: TAPUME COM TELHA METÁLICA. AF_03/2024 | E29: Instalações para Canteiros de Obras | G29: m² | H29: 1 | I29: 85.15 | J29: 85.15
A30: Composição Auxiliar | B30: 91692 | C30: SINAPI | D30: SERRA CIRCULAR DE BANCADA COM MOTOR ELÉTRICO POTÊNCIA DE 5HP, COM COIFA PARA DISCO 10" - CHP DIURNO. AF_08/2015 | E30: Custos Horários Produtivo e Improdutivo dos Equipamentos | G30: CHP | H30: 0.0066 | I30: 42 | J30: 0.27
A31: Composição Auxiliar | B31: 88239 | C31: SINAPI | D31: AJUDANTE DE CARPINTEIRO COM ENCARGOS COMPLEMENTARES | E31: Livro SINAPI: Cálculos e Parâmetros | G31: H | H31: 0.492 | I31: 27.03 | J31: 13.29
A32: Composição Auxiliar | B32: 91693 | C32: SINAPI | D32: SERRA CIRCULAR DE BANCADA COM MOTOR ELÉTRICO POTÊNCIA DE 5HP, COM COIFA PARA DISCO 10" - CHI DIURNO. AF_08/2015 | E32: Custos Horários Produtivo e Improdutivo dos Equipamentos | G32: CHI | H32: 0.0264 | I32: 40.45 | J32: 1.06
A33: Composição Auxiliar | B33: 94974 | C33: SINAPI | D33: CONCRETO MAGRO PARA LASTRO, TRAÇO 1:4,5:4,5 (EM MASSA SECA DE CIMENTO/ AREIA MÉDIA/ BRITA 1) - PREPARO MANUAL. AF_05/2021 | E33: Produção de Concreto | G33: m³ | H33: 0.0061 | I33: 550.37 | J33: 3.35
A34: Composição Auxiliar | B34: 88262 | C34: SINAPI | D34: CARPINTEIRO DE FORMAS COM ENCARGOS COMPLEMENTARES | E34: Livro SINAPI: Cálculos e Parâmetros | G34: H | H34: 0.735 | I34: 32.89 | J34: 24.17
A35: Insumo | B35: 00006194 | C35: SINAPI | D35: TABUA *2,5 X 15 CM EM PINUS, MISTA OU EQUIVALENTE DA REGIAO - BRUTA | E35: Material | G35: M | H35: 2 | I35: 5.43 | J35: 10.86
A36: Insumo | B36: 00007243 | C36: SINAPI | D36: TELHA TRAPEZOIDAL EM ACO ZINCADO, SEM PINTURA, ALTURA DE APROXIMADAMENTE 40 MM, ESPESSURA DE 0,50 MM E LARGURA UTIL DE 980 MM | E36: Material | G36: m² | H36: 0.5853 | I36: 36.99 | J36: 21.650247
A37: Insumo | B37: 00005061 | C37: SINAPI | D37: PREGO DE ACO POLIDO COM CABECA 18 X 27 (2 1/2 X 10) | E37: Material | G37: KG | H37: 0.068 | I37: 17.27 | J37: 1.17436
A38: Insumo | B38: 00004491 | C38: SINAPI | D38: PONTALETE *7,5 X 7,5* CM EM PINUS, MISTA OU EQUIVALENTE DA REGIAO - BRUTA | E38: Material | G38: M | H38: 1.2273 | I38: 7.61 | J38: 9.339753
E39: MO sem LS => | F39: 30.99 | G39: LS => | H39: 0 | I39: MO com LS => | J39: 30.99
E40: Valor do BDI => | F40: 19.13 | H40: Valor com BDI => | J40: 104.28
G41: Quant. => | H41: 830,49 | I41: Preço Total => | J41: 86603.5
A43: 1.3 | B43: Código | C43: Banco | D43: Descrição | E43: Tipo | G43: Und | H43: Quant. | I43: Valor Unit | J43: Total
A44: Composição | B44: ED-50150 | C44: SETOP | D44: LIGAÇÃO DE ÁGUA PROVISÓRIA PARA CANTEIRO, INCLUSIVE HIDRÔMETRO E CAVALETE PARA MEDIÇÃO DE ÁGUA ENTRADA PRINCIPAL, EM AÇO GALVANIZADO DN 20MM (1/2”) PADRÃO CONCESSIONÁRIA | E44: ED- | G44: un | H44: 1 | I44: 592.8 | J44: 592.8
F45: Custo Horário da Execução (A) + (B) + (C) | J45: 0
F46: (D) Produção de Equipe | J46: 1
F47: (E) Custo Unitário da Execução [(A) + (B) + (C)] / (D) | J47: 0
A48: F | B48: Código | C48: Banco | D48: Materiais | E48: Quantidade | F48: Unidade | G48: Preço Unitário | J48: Custo Horário
A49: Insumo | B49: MATED-15224 | C49: SETOP | D49: HIDRÔMETRO (APLICAÇÃO: MEDIDOR DE VAZÃO DE ÁGUA|DIÂMETRO: 20MM (1/2")|VAZÃO NOMINAL: 1,5(M3/H)|VAZÃO MÁXIMA: 3,0(M3/H)|COMPRIMENTO APROXIMADO: 115MM|PADRÃO: CONCESSIONÁRIA LOCAL) | E49: 1 | F49: un | G49: 189,85 | J49: 189,85
F50: (F)Total: | J50: 189.85
A51: G | B51: Código | C51: Banco | D51: Serviços | E51: Quantidade | F51: Unidade | G51: Preço Unitário | J51: Custo Horário
A52: Composição | B52: ED-15206 | C52: SETOP | D52: KIT CAVALETE PARA MEDIÇÃO DE ÁGUA, INSTALADO SOBRE PISO, EM AÇO GALVANIZADO DN 20MM (1/2") PADRÃO CONCESSIONÁRIA LOCAL, INCLUSIVE BASE EM CONCRETO DE 25 MPA PARA CAVALETE, EXCLUSIVE HIDRÔMETRO | E52: 1 | F52: un | G52: 386,82 | J52: 386,82
A53: Composição | B53: ED-50363 | C53: SETOP | D53: AJUDANTE DE BOMBEIRO/ENCANADOR COM ENCARGOS COMPLEMENTARES | E53: 0.2933333 | F53: hora | G53: 24,49 | J53: 7,18
A54: Composição | B54: ED-50374 | C54: SETOP | D54: BOMBEIRO/ENCANADOR COM ENCARGOS COMPLEMENTARES | E54: 0.2933333 | F54: hora | G54: 30,49 | J54: 8,94
F55: (G)Total: | J55: 402.9474
E56: MO sem LS => | F56: 193.14 | G56: LS => | H56: 0 | I56: MO com LS => | J56: 193.14283
E57: Valor do BDI => | F57: 133.2 | H57: Valor com BDI => | J57: 726
G58: Quant. => | H58: 1,00 | I58: Preço Total => | J58: 726
A60: 1.4 | B60: Código | C60: Banco | D60: Descrição | E60: Tipo | G60: Und | H60: Quant. | I60: Valor Unit | J60: Total
A61: Composição | B61: ED-50151 | C61: SETOP | D61: LIGAÇÃO PROVISÓRIA COM ENTRADA DE ENERGIA AÉREA, PADRÃO CEMIG, CARGA INSTALADA DE 15,1KVA ATÉ 30KVA, TRIFÁSICO, COM SAÍDA SUBTERRÂNEA, INCLUSIVE POSTE, CAIXA PARA MEDIDOR, DISJUNTOR, BARRAMENTO, ATERRAMENTO E ACESSÓRIOS | E61: ED- | G61: un | H61: 1 | I61: 965.51 | J61: 965.51
F62: Custo Horário da Execução (A) + (B) + (C) | J62: 0
F63: (D) Produção de Equipe | J63: 1
F64: (E) Custo Unitário da Execução [(A) + (B) + (C)] / (D) | J64: 0
A65: F | B65: Código | C65: Banco | D65: Materiais | E65: Quantidade | F65: Unidade | G65: Preço Unitário | J65: Custo Horário
A66: Insumo | B66: MATED-20647 | C66: SETOP | D66: ARAME GALVANIZADO (BITOLA: 12BWG|DIÂMETRO DO FIO: 2,77MM|MASSA LINEAR: 0,0454KG/M) | E66: 0.5 | F66: Kg | G66: 21,16 | J66: 10,58
A67: Insumo | B67: MATED-12612 | C67: SETOP | D67: CORDOLHA DE COBRE NÚ (SEÇÃO TRANSVERSAL: 10MM2|NÚMEROS DE FIOS: 7|DIÂMETRO DOS FIOS: 1,36MM|CLASSE: 2A) | E67: 1.3333333 | F67: m | G67: 8,99 | J67: 11,99
A68: Insumo | B68: MATED-12995 | C68: SETOP | D68: CONECTOR FENDIDO DE PRESSÃO "SPLIT-BOLT" (ACABAMENTO: ESTANHADO BIMETÁLICO|SEÇÃO DO CABO: 2,5-25MM2) | E68: 0.6666667 | F68: un | G68: 11,37 | J68: 7,58
A69: Insumo | B69: MATED-17038 | C69: SETOP | D69: DISJUNTOR (TIPO: TRIPOLAR|CURVA:C|CORRENTE: 63A|I MÁX: 10KA) | E69: 0.3333333 | F69: un | G69: 148,07 | J69: 49,36
A70: Insumo | B70: MATED-19556 | C70: SETOP | D70: BARRA CHATA (MATERIAL: COBRE ELETROLÍTICO|APLICAÇÃO: BARRAMENTO) | E70: 0.0012903 | F70: Kg | G70: 101,00 | J70: 0,13
F71: (F)Total: | J71: 79.6337
A72: G | B72: Código | C72: Banco | D72: Serviços | E72: Quantidade | F72: Unidade | G72: Preço Unitário | J72: Custo Horário
A73: Composição | B73: ED-20648 | C73: SETOP | D73: POSTE PARA ENTRADA DE ENERGIA EM AÇO GALVANIZADO, TIPO PA 2 OU PA 4, DIÂMETRO NOMINAL DE 102MM, ESP. 2MM, INCLUSIVE TAMPÃO FORNECIMENTO, EXCLUSIVE MONTAGEM E INSTALAÇÃO | E73: 0.3333333 | F73: un | G73: 478,40 | J73: 159,47
A74: Composição | B74: ED-50373 | C74: SETOP | D74: ELETRICISTA COM ENCARGOS COMPLEMENTARES | E74: 3.6666667 | F74: hora | G74: 31,64 | J74: 116,01
A75: Composição | B75: ED-48700 | C75: SETOP | D75: ATERRAMENTO COM HASTE DE COBRE, TIPO COPPERWELD, DIÂMETRO DE 5/8", COMPRIMENTO DE 240CM, EXCLUSIVE CABO E CAIXA PARA ATERRAMENTO, INCLUSIVE GRAMPO PARA HASTE E INSTALAÇÃO | E75: 1 | F75: un | G75: 103,53 | J75: 103,53
A76: Composição | B76: ED-51055 | C76: SETOP | D76: CAIXA DE INSPEÇÃO EM PVC, DIÂMETRO DE 30CM, ALTURA DE 30CM, COM TAMPA EM FERRO FUNDIDO, EXCLUSIVE HASTE DE ATERRAMENTO, INCLUSIVE INSTALAÇÃO | E76: 1 | F76: un | G76: 129,25 | J76: 129,25
A77: Composição | B77: ED-49064 | C77: SETOP | D77: CABEÇOTE DE ALUMÍNIO PARA POSTE, DIÂMETRO 1.1/4", EXCLUSIVE ELETRODUTO, INCLUSIVE INSTALAÇÃO | E77: 0.6666667 | F77: un | G77: 7,16 | J77: 4,77
A78: Composição | B78: ED-50362 | C78: SETOP | D78: AJUDANTE DE ELETRICISTA COM ENCARGOS COMPLEMENTARES | E78: 3.6666667 | F78: hora | G78: 25,52 | J78: 93,57
A79: Composição | B79: ED-28593 | C79: SETOP | D79: CAIXA PARA PROTEÇÃO GERAL, TIPO CM 8, DIMENSÃO CONFORME PADRÃO CEMIG, EXCLUSIVE BARRAMENTO E DISJUNTOR, INCLUSIVE INSTALAÇÃO | E79: 0.3333333 | F79: un | G79: 341,47 | J79: 113,82
A80: Composição | B80: ED-26527 | C80: SETOP | D80: ELETRODUTO DE PVC RÍGIDO ROSCÁVEL, DIÂMETRO DE 20MM (3/4"), INSTALAÇÃO EMBUTIDA OU ENTERRADA, INCLUSIVE CONEXÕES, EXCLUSIVE RASGO EM ALVENARIA/CONCRETO OU ESCAVAÇÃO | E80: 2 | F80: m | G80: 14,31 | J80: 28,62
A81: Composição | B81: ED-48704 | C81: SETOP | D81: ABRAÇADEIRA AJUSTÁVEL PARA POSTE, EM AÇO GALVANIZADO, COMPRIMENTO 80CM, INCLUSIVE INSTALAÇÃO | E81: 1 | F81: un | G81: 14,46 | J81: 14,46
A82: Composição | B82: ED-49443 | C82: SETOP | D82: ISOLADOR ROLDANA EM PORCELANA, TENSÃO NOMINAL 1KV, EXCLUSIVE ARMAÇÃO SECUNDÁRIA, INCLUSIVE INSTALAÇÃO | E82: 0.3333333 | F82: un | G82: 12,49 | J82: 4,16
A83: Composição | B83: ED-49440 | C83: SETOP | D83: ARMAÇÃO SECUNDÁRIA DE UM ESTRIBO, EM AÇO GALVANIZADO, PARA FIXAÇÃO DE ISOLADOR ROLDANA, EXCLUSIVE ISOLADOR, INCLUSIVE INSTALAÇÃO | E83: 0.3333333 | F83: un | G83: 36,81 | J83: 12,27
A84: Composição | B84: ED-49310 | C84: SETOP | D84: ELETRODUTO DE PVC RÍGIDO ROSCÁVEL, DIÂMETRO DE 32MM (1.1/4"), INCLUSIVE ACESSÓRIOS PARA FIXAÇÃO E CONEXÕES | E84: 3 | F84: m | G84: 35,31 | J84: 105,93
F85: (G)Total: | J85: 885.8732
E86: MO sem LS => | F86: 331.76 | G86: LS => | H86: 0 | I86: MO com LS => | J86: 331.7639
E87: Valor do BDI => | F87: 216.95 | H87: Valor com BDI => | J87: 1182.46
G88: Quant. => | H88: 1,00 | I88: Preço Total => | J88: 1182.46
A90: 1.5 | B90: Código | C90: Banco | D90: Descrição | E90: Tipo | G90: Und | H90: Quant. | I90: Valor Unit | J90: Total
A91: Composição | B91: ED-50137 | C91: SETOP | D91: MOBILIZAÇÃO E DESMOBILIZAÇÃO DE CONTAINER, INCLUSIVE CARGA, DESCARGA E TRANSPORTE EM CAMINHÃO CARROCERIA COM GUINDAUTO (MUNCK), EXCLUSIVE LOCAÇÃO DO CONTAINER | E91: ED- | G91: un | H91: 1 | I91: 1668.96 | J91: 1668.96
F92: Custo Horário da Execução (A) + (B) + (C) | J92: 0
F93: (D) Produção de Equipe | J93: 1
F94: (E) Custo Unitário da Execução [(A) + (B) + (C)] / (D) | J94: 0
A95: G | B95: Código | C95: Banco | D95: Serviços | E95: Quantidade | F95: Unidade | G95: Preço Unitário | J95: Custo Horário
A96: Composição | B96: ED-31952 | C96: SETOP | D96: MOBILIZAÇÃO OU DESMOBILIZAÇÃO DE CONTAINER, INCLUSIVE CARGA, DESCARGA E TRANSPORTE EM CAMINHÃO CARROCERIA COM GUINDAUTO (MUNCK), EXCLUSIVE LOCAÇÃO DO CONTAINER | E96: 2 | F96: un | G96: 834,48 | J96: 1.668,96
F97: (G)Total: | J97: 1668.96
E98: MO sem LS => | F98: 1668.96 | G98: LS => | H98: -1510.94 | I98: MO com LS => | J98: 158.01964
E99: Valor do BDI => | F99: 375.02 | H99: Valor com BDI => | J99: 2043.98
G100: Quant. => | H100: 2,00 | I100: Preço Total => | J100: 4087.96
A102: 1.6 | B102: Código | C102: Banco | D102: Descrição | E102: Tipo | G102: Und | H102: Quant. | I102: Valor Unit | J102: Total
A103: Composição | B103: ED-16349 | C103: SETOP | D103: LOCAÇÃO DE CONTAINER COM ISOLAMENTO TÉRMICO, TIPO 2, PARA ESCRITÓRIO DE OBRA COM SANITÁRIO CONTENDO UM (1) VASO SANITÁRIO E UM (1) LAVATÓRIO, COM MEDIDAS REFERENCIAIS DE (6) METROS COMPRIMENTO, (2,3) METROS LARGURA E (2,5) METROS ALTURA ÚTIL INTERNA, INCLUSIVE AR CONDICIONADO E LIGAÇÕES ELÉTRICAS E HIDROSSANITÁRIAS INTERNAS, EXCLUSIVE MOBILIZAÇÃO/DESMOBILIZAÇÃO E LIGAÇÕES PROVISÓRIAS EXTERNAS | E103: ED- | G103: mês | H103: 1 | I103: 1633.81 | J103: 1633.81
A104: A | B104: Código | C104: Banco | D104: Equipamentos | E104: Quantidade | F104: Utilização | H104: Custo Horário | J104: Custo Horário Total
F105: Operativa | G105: Improdutiva | H105: Operativa | I105: Improdutiva
A106: Insumo | B106: EQED-23888 | C106: SETOP | D106: REFRIGERADOR (CAPACIDADE MÉDIA: 120L|COR: BRANCA|QUANTIDADE DE PORTAS: 1|CONSUMO*: 0,11KW/H|TENSÃO: 127V-220V)* VALORES REFERENCIAIS APROXIMADOS | E106: 176 | F106: 1 | G106: 0 | H106: 0.12 | I106: 0.02 | J106: 21.7
F107: Custo horário total de equipamentos | J107: 21.7008
...

Sheet CURVA ABC
A1: MUNICÍPIO DE NOVA SERRANA
A2: ESTADO DE MINAS GERAIS
A3: CNPJ: 18.291.385/0001-59
A5: Objeto: | B5: ='ORÇAMENTO SINTÉTICO'!B5 -> CONTRATAÇÃO DE EMPRESA ESPECIALIZADA PARA A CONSTRUÇÃO DE CENTRO MUNICIPAL DE EDUCAÇÃO INFANTIL NO BAIRRO SANTA TEREZA, CONFORME PROJETOS, MEMORIAIS, MODELO BIM E DOCUMENTOS AUXILIARES
A6: Município: | B6: Nova Serrana - MG
A7: Endereço: | B7: ='ORÇAMENTO SINTÉTICO'!B7 -> Avenida 02, SN, bairro Santa Tereza, Nova Serrana - MG
A8: BDI: | B8: 0.2247
A9: Encargos Sociais: Não Desonerado
A10: ='ORÇAMENTO SINTÉTICO'!A10 -> Referência de Preços: SINAPI - 02/2026 - Minas Gerais ; SBC - 03/2026 - Minas Gerais ; SICRO3 - 10/2025 - Minas Gerais ; ORSE - 12/2025 - Sergipe ; SEINFRA - 028 - Ceará ; SETOP - 10/2025 - Minas Gerais ; SIURB - 07/2025 - São Paulo ; SUDECAP - 10/2025 - Minas Gerais
A12: CURVA ABC DE SERVIÇOS
A13: CÓDIGO | B13: BANCO | C13: DESCRIÇÃO | D13: UNIDADE | E13: QUANTIDADE | F13: VALOR UNITÁRIO | G13: VALOR TOTAL | H13: PESO | I13: PESO ACUMULADO
A14: 103675 | B14: SINAPI | C14: CONCRETAGEM DE VIGAS E LAJES, FCK=25 MPA, PARA LAJES MACIÇAS OU NERVURADAS COM USO DE BOMBA - LANÇAMENTO, ADENSAMENTO E ACABAMENTO. AF_02/2022_PS | D14: m³ | E14: 343,13 | F14: 874,01 | G14: 299.899,05 | H14: 3,95 | I14: 3,95
A15: 90777 | B15: SINAPI | C15: ENGENHEIRO CIVIL DE OBRA JUNIOR COM ENCARGOS COMPLEMENTARES | D15: H | E15: 1.584,0 | F15: 174,42 | G15: 276.281,28 | H15: 3,64 | I15: 7,59
A16: 90776 | B16: SINAPI | C16: ENCARREGADO GERAL COM ENCARGOS COMPLEMENTARES | D16: H | E16: 3.168,0 | F16: 81,72 | G16: 258.888,96 | H16: 3,41 | I16: 11,00
A17: 87529 | B17: SINAPI | C17: MASSA ÚNICA, EM ARGAMASSA TRAÇO 1:2:8, PREPARO MECÂNICO, APLICADA MANUALMENTE EM PAREDES INTERNAS DE AMBIENTES COM ÁREA ENTRE 5M² E 10M², E = 17,5MM, COM TALISCAS. AF_03/2024 | D17: m² | E17: 4.128,91 | F17: 53,46 | G17: 220.731,53 | H17: 2,91 | I17: 13,90
A18: ED-48233 | B18: SETOP | C18: ALVENARIA DE VEDAÇÃO COM TIJOLO CERÂMICO FURADO, ESP. 19CM, PARA REVESTIMENTO, INCLUSIVE ARGAMASSA PARA ASSENTAMENTO | D18: m² | E18: 1.727,39 | F18: 118,69 | G18: 205.023,92 | H18: 2,70 | I18: 16,60
A19: 94213 | B19: SINAPI | C19: TELHAMENTO COM TELHA DE AÇO/ALUMÍNIO E = 0,5 MM, COM ATÉ 2 ÁGUAS, INCLUSO IÇAMENTO. AF_07/2019 | D19: m² | E19: 2.717,71 | F19: 68,75 | G19: 186.842,56 | H19: 2,46 | I19: 19,07
A20: CPU638 | B20: Próprio | C20: REVESTIMENTO CERÂMICO PARA PISO COM PLACAS TIPO ESMALTADA EXTRA APLICADA EM AMBIENTES DE ÁREA MAIOR QUE 10 M, ARGAMASSA TIPO AC III, PEI V | D20: m² | E20: 1.924,89 | F20: 94,22 | G20: 181.363,14 | H20: 2,39 | I20: 21,45
A21: 92455 | B21: SINAPI | C21: MONTAGEM E DESMONTAGEM DE FÔRMA DE VIGA, ESCORAMENTO COM GARFO DE MADEIRA, PÉ-DIREITO SIMPLES, EM CHAPA DE MADEIRA RESINADA, 4 UTILIZAÇÕES. AF_09/2020 | D21: m² | E21: 888,61 | F21: 203,13 | G21: 180.503,35 | H21: 2,38 | I21: 23,83
A22: CPU572 | B22: Próprio | C22: CONCRETAGEM DE SAPATA, FCK 25 MPA, COM USO DE BOMBA - LANÇAMENTO, ADENSAMENTO E ACABAMENTO. AF_01/2024 - Adaptado da SINAPI (96558) | D22: m³ | E22: 173,65 | F22: 979,53 | G22: 170.095,38 | H22: 2,24 | I22: 26,07
A23: CPU635 | B23: Próprio | C23: ESTRUTURA METÁLICA EM PERFIL DOBRADO EM AÇO ESTRUTURAL A36, INCLUSOS MÃO DE OBRA, TRANSPORTE E IÇAMENTO UTILIZANDO GUINDASTE - FORNECIMENTO E INSTALAÇÃO. | D23: KG | E23: 11.520,96 | F23: 14,27 | G23: 164.404,10 | H23: 2,17 | I23: 28,24
A24: ED-48232 | B24: SETOP | C24: ALVENARIA DE VEDAÇÃO COM TIJOLO CERÂMICO FURADO, ESP. 14CM, PARA REVESTIMENTO, INCLUSIVE ARGAMASSA PARA ASSENTAMENTO | D24: m² | E24: 1.804,63 | F24: 90,06 | G24: 162.524,98 | H24: 2,14 | I24: 30,38
... A318: ED-32108 | B318: SETOP | C318: FIXAÇÃO DE CORRIMÃO DUPLO METÁLICO, EM GUARDA CORPO, INCLUSIVE CORTE, MONTAGEM E SOLDAGEM | D318: m | E318: 5,4 | F318: 1,92 | G318: 10,37 | H318: 0,00 | I318: 100,00
A320: RAFAEL LUAN LIMA DE SÁ
A321: ENGENHEIRO CIVIL - CREA/MG- 243.163/D
A322: MATRÍCULA: 27126

Sheet CPU
A1: MUNICÍPIO DE NOVA SERRANA
A2: ESTADO DE MINAS GERAIS
A3: CNPJ: 18.291.385/0001-59
A5: Objeto: | B5: ='ORÇAMENTO SINTÉTICO'!B5 -> CONTRATAÇÃO DE EMPRESA ESPECIALIZADA PARA A CONSTRUÇÃO DE CENTRO MUNICIPAL DE EDUCAÇÃO INFANTIL NO BAIRRO SANTA TEREZA, CONFORME PROJETOS, MEMORIAIS, MODELO BIM E DOCUMENTOS AUXILIARES
A6: Município: | B6: Nova Serrana - MG
A7: Endereço: | B7: ='ORÇAMENTO SINTÉTICO'!B7 -> Avenida 02, SN, bairro Santa Tereza, Nova Serrana - MG
A8: BDI: | B8: 0.2247
A9: Encargos Sociais: Não Desonerado
A10: ='ORÇAMENTO SINTÉTICO'!A10 -> Referência de Preços: SINAPI - 02/2026 - Minas Gerais ; SBC - 03/2026 - Minas Gerais ; SICRO3 - 10/2025 - Minas Gerais ; ORSE - 12/2025 - Sergipe ; SEINFRA - 028 - Ceará ; SETOP - 10/2025 - Minas Gerais ; SIURB - 07/2025 - São Paulo ; SUDECAP - 10/2025 - Minas Gerais
A11: Valor total: | J11: ='ORÇAMENTO SINTÉTICO'!J11 -> 7593113.2
A12: Composições Analíticas com Preço Unitário
A13: Composições Principais
A14: 4.1.3 | B14: Código | C14: Banco | D14: Descrição | E14: Tipo | G14: Und | H14: Quant. | I14: Valor Unit | J14: Total
A15: Composição | B15: CPU572 | C15: Próprio | D15: CONCRETAGEM DE SAPATA, FCK 25 MPA, COM USO DE BOMBA - LANÇAMENTO, ADENSAMENTO E ACABAMENTO. AF_01/2024 - Adaptado da SINAPI (96558) | E15: Fundações Rasas (Blocos, Sapatas, Vigas Baldrame) | G15: m³ | H15: 1 | I15: 799.81 | J15: 799.81
A16: Composição Auxiliar | B16: 90587 | C16: SINAPI | D16: VIBRADOR DE IMERSÃO, DIÂMETRO DE PONTEIRA 45MM, MOTOR ELÉTRICO TRIFÁSICO POTÊNCIA DE 2 CV - CHI DIURNO. AF_06/2015 | E16: Custos Horários Produtivo e Improdutivo dos Equipamentos | G16: CHI | H16: 0.133 | I16: 0.56 | J16: 0.07
A17: Composição Auxiliar | B17: 90586 | C17: SINAPI | D17: VIBRADOR DE IMERSÃO, DIÂMETRO DE PONTEIRA 45MM, MOTOR ELÉTRICO TRIFÁSICO POTÊNCIA DE 2 CV - CHP DIURNO. AF_06/2015 | E17: Custos Horários Produtivo e Improdutivo dos Equipamentos | G17: CHP | H17: 0.161 | I17: 1.49 | J17: 0.23
A18: Composição Auxiliar | B18: 88309 | C18: SINAPI | D18: PEDREIRO COM ENCARGOS COMPLEMENTARES | E18: Livro SINAPI: Cálculos e Parâmetros | G18: H | H18: 0.587 | I18: 33.62 | J18: 19.73
A19: Composição Auxiliar | B19: 88316 | C19: SINAPI | D19: SERVENTE COM ENCARGOS COMPLEMENTARES | E19: Livro SINAPI: Cálculos e Parâmetros | G19: H | H19: 0.881 | I19: 24.88 | J19: 21.91
A20: Insumo | B20: 00001527 | C20: SINAPI | D20: CONCRETO USINADO BOMBEAVEL, CLASSE DE RESISTENCIA C25, BRITA 0 E 1, SLUMP = 100 +/- 20 MM, COM BOMBEAMENTO (DISPONIBILIZACAO DE BOMBA), SEM O LANCAMENTO (NBR 8953) | E20: Material | G20: m³ | H20: 1.26 | I20: 601.49 | J20: 757.8774
E21: MO sem LS => | F21: 31.1 | G21: LS => | H21: 0 | I21: MO com LS => | J21: 31.1
E22: Valor do BDI => | F22: 179.72 | H22: Valor com BDI => | J22: 979.53
A24: 4.3.7 | B24: Código | C24: Banco | D24: Descrição | E24: Tipo | G24: Und | H24: Quant. | I24: Valor Unit | J24: Total
A25: Composição | B25: CPU573 | C25: Próprio | D25: CONCRETAGEM DE BLOCO DE COROAMENTO OU VIGA BALDRAME, FCK 25 MPA, COM USO DE BOMBA - LANÇAMENTO, ADENSAMENTO E ACABAMENTO. AF_01/2024, Adaptado da SINAPI (96557) - | E25: Fundações Rasas (Blocos, Sapatas, Vigas Baldrame) | G25: m³ | H25: 1 | I25: 763.68 | J25: 763.68
A26: Composição Auxiliar | B26: 90587 | C26: SINAPI | D26: VIBRADOR DE IMERSÃO, DIÂMETRO DE PONTEIRA 45MM, MOTOR ELÉTRICO TRIFÁSICO POTÊNCIA DE 2 CV - CHI DIURNO. AF_06/2015 | E26: Custos Horários Produtivo e Improdutivo dos Equipamentos | G26: CHI | H26: 0.075 | I26: 0.56 | J26: 0.04
A27: Composição Auxiliar | B27: 88316 | C27: SINAPI | D27: SERVENTE COM ENCARGOS COMPLEMENTARES | E27: Livro SINAPI: Cálculos e Parâmetros | G27: H | H27: 0.501 | I27: 24.88 | J27: 12.46
A28: Composição Auxiliar | B28: 90586 | C28: SINAPI | D28: VIBRADOR DE IMERSÃO, DIÂMETRO DE PONTEIRA 45MM, MOTOR ELÉTRICO TRIFÁSICO POTÊNCIA DE 2 CV - CHP DIURNO. AF_06/2015 | E28: Custos Horários Produtivo e Improdutivo dos Equipamentos | G28: CHP | H28: 0.092 | I28: 1.49 | J28: 0.13
A29: Composição Auxiliar | B29: 88309 | C29: SINAPI | D29: PEDREIRO COM ENCARGOS COMPLEMENTARES | E29: Livro SINAPI: Cálculos e Parâmetros | G29: H | H29: 0.334 | I29: 33.62 | J29: 11.22
A30: Insumo | B30: 00001527 | C30: SINAPI | D30: CONCRETO USINADO BOMBEAVEL, CLASSE DE RESISTENCIA C25, BRITA 0 E 1, SLUMP = 100 +/- 20 MM, COM BOMBEAMENTO (DISPONIBILIZACAO DE BOMBA), SEM O LANCAMENTO (NBR 8953) | E30: Material | G30: m³ | H30: 1.23 | I30: 601.49 | J30: 739.8327
E31: MO sem LS => | F31: 17.68 | G31: LS => | H31: 0 | I31: MO com LS => | J31: 17.68
E32: Valor do BDI => | F32: 171.6 | H32: Valor com BDI => | J32: 935.28
A34: 4.4.1 | B34: Código | C34: Banco | D34: Descrição | E34: Tipo | G34: Und | H34: Quant. | I34: Valor Unit | J34: Total
A35: Composição | B35: CPU633 | C35: Próprio | D35: ESTACA BROCA DE CONCRETO, DIÂMETRO DE 20CM, ESCAVAÇÃO MANUAL COM TRADO CONCHA, COM ARMADURA DE ARRANQUE. AF_05/2020, adaptado de SINAPI (101173) | E35: Estacas Broca, Strauss e Escavada com Fluido Estabilizante | G35: M | H35: 1 | I35: 84.84 | J35: 84.84
A36: Composição Auxiliar | B36: 88309 | C36: SINAPI | D36: PEDREIRO COM ENCARGOS COMPLEMENTARES | E36: Livro SINAPI: Cálculos e Parâmetros | G36: H | H36: 0.49 | I36: 33.62 | J36: 16.47
A37: Composição Auxiliar | B37: 92803 | C37: SINAPI | D37: CORTE E DOBRA DE AÇO CA-50, DIÂMETRO DE 10,0 MM. AF_06/2022 | E37: Armação para Estruturas de Concreto Armado | G37: KG | H37: 2.35 | I37: 8.26 | J37: 19.41
A38: Composição Auxiliar | B38: 94971 | C38: SINAPI | D38: CONCRETO FCK = 25MPA, TRAÇO 1:2,3:2,7 (EM MASSA SECA DE CIMENTO/ AREIA MÉDIA/ BRITA 1) - PREPARO MECÂNICO COM BETONEIRA 600 L. AF_05/2021 | E38: Produção de Concreto | G38: m³ | H38: 0.056 | I38: 576.95 | J38: 32.3
A39: Composição Auxiliar | B39: 88316 | C39: SINAPI | D39: SERVENTE COM ENCARGOS COMPLEMENTARES | E39: Livro SINAPI: Cálculos e Parâmetros | G39: H | H39: 0.67 | I39: 24.88 | J39: 16.66
E40: MO sem LS => | F40: 29.03 | G40: LS => | H40: 0 | I40: MO com LS => | J40: 29.03
E41: Valor do BDI => | F41: 19.06 | H41: Valor com BDI => | J41: 103.9
A43: 4.5.5 | B43: Código | C43: Banco | D43: Descrição | E43: Tipo | G43: Und | H43: Quant. | I43: Valor Unit | J43: Total
A44: Composição | B44: CPU634 | C44: Próprio | D44: Copia da SINAPI (97096) - CONCRETAGEM DE RADIER, PISO DE CONCRETO OU LAJE SOBRE SOLO, FCK 25 MPA - LANÇAMENTO, ADENSAMENTO E ACABAMENTO. AF_09/2021 | E44: Radier, Piso de Concreto e Laje sobre Solo | G44: m³ | H44: 1 | I44: 661.69 | J44: 661.69
A45: Composição Auxiliar | B45: 88309 | C45: SINAPI | D45: PEDREIRO COM ENCARGOS COMPLEMENTARES | E45: Livro SINAPI: Cálculos e Parâmetros | G45: H | H45: 0.411 | I45: 33.62 | J45: 13.81
A46: Composição Auxiliar | B46: 88316 | C46: SINAPI | D46: SERVENTE COM ENCARGOS COMPLEMENTARES | E46: Livro SINAPI: Cálculos e Parâmetros | G46: H | H46: 0.411 | I46: 24.88 | J46: 10.22
A47: Composição Auxiliar | B47: 90586 | C47: SINAPI | D47: VIBRADOR DE IMERSÃO, DIÂMETRO DE PONTEIRA 45MM, MOTOR ELÉTRICO TRIFÁSICO POTÊNCIA DE 2 CV - CHP DIURNO. AF_06/2015 | E47: Custos Horários Produtivo e Improdutivo dos Equipamentos | G47: CHP | H47: 0.053 | I47: 1.49 | J47: 0.07
A48: Composição Auxiliar | B48: 90587 | C48: SINAPI | D48: VIBRADOR DE IMERSÃO, DIÂMETRO DE PONTEIRA 45MM, MOTOR ELÉTRICO TRIFÁSICO POTÊNCIA DE 2 CV - CHI DIURNO. AF_06/2015 | E48: Custos Horários Produtivo e Improdutivo dos Equipamentos | G48: CHI | H48: 0.049 | I48: 0.56 | J48: 0.02
A49: Insumo | B49: 00001527 | C49: SINAPI | D49: CONCRETO USINADO BOMBEAVEL, CLASSE DE RESISTENCIA C25, BRITA 0 E 1, SLUMP = 100 +/- 20 MM, COM BOMBEAMENTO (DISPONIBILIZACAO DE BOMBA), SEM O LANCAMENTO (NBR 8953) | E49: Material | G49: m³ | H49: 1.06 | I49: 601.49 | J49: 637.5794
E50: MO sem LS => | F50: 18.13 | G50: LS => | H50: 0 | I50: MO com LS => | J50: 18.13
E51: Valor do BDI => | F51: 148.68 | H51: Valor com BDI => | J51: 810.37
A53: 6.1 | B53: Código | C53: Banco | D53: Descrição | E53: Tipo | G53: Und | H53: Quant. | I53: Valor Unit | J53: Total
A54: Composição | B54: CPU632 | C54: Próprio | D54: CÓPIA DE SINAPI 100765 - PILAR METÁLICO PERFIL LAMINADO/SOLDADO EM AÇO ESTRUTURAL, COM CONEXÕES PARAFUSADAS, INCLUSOS MÃO DE OBRA, TRANSPORTE E IÇAMENTO UTILIZANDO GUINDASTE - FORNECIMENTO E INSTALAÇÃO. | E54: FUES - FUNDAÇÕES E ESTRUTURAS | G54: kg | H54: 1 | I54: 13.98 | J54: 13.98
A55: Composição Auxiliar | B55: 93288 | C55: SINAPI | D55: GUINDASTE HIDRÁULICO AUTOPROPELIDO, COM LANÇA TELESCÓPICA 40 M, CAPACIDADE MÁXIMA 60 T, POTÊNCIA 260 KW - CHI DIURNO. AF_03/2016 | E55: Custos Horários Produtivo e Improdutivo dos Equipamentos | G55: CHI | H55: 0.00148 | I55: 191.01 | J55: 0.28
A56: Composição Auxiliar | B56: 100716 | C56: SINAPI | D56: JATEAMENTO ABRASIVO COM GRANALHA DE AÇO EM PERFIL METÁLICO EM FÁBRICA. AF_01/2020 | E56: Pintura em Superfícies Metálicas | G56: m² | H56: 0.0227 | I56: 25.42 | J56: 0.57
A57: Composição Auxiliar | B57: 88278 | C57: SINAPI | D57: MONTADOR DE ESTRUTURAS METÁLICAS COM ENCARGOS COMPLEMENTARES | E57: Livro SINAPI: Cálculos e Parâmetros | G57: H | H57: 0.015 | I57: 29.01 | J57: 0.43
A58: Composição Auxiliar | B58: 100719 | C58: SINAPI | D58: PINTURA COM TINTA ALQUÍDICA DE FUNDO (TIPO ZARCÃO) PULVERIZADA SOBRE PERFIL METÁLICO EXECUTADO EM FÁBRICA (POR DEMÃO). AF_01/2020_PE | E58: Pintura em Superfícies Metálicas | G58: m² | H58: 0.0227 | I58: 13.93 | J58: 0.31
A59: Composição Auxiliar | B59: 88240 | C59: SINAPI | D59: AJUDANTE DE ESTRUTURA METÁLICA COM ENCARGOS COMPLEMENTARES | E59: Livro SINAPI: Cálculos e Parâmetros | G59: H | H59: 0.0015 | I59: 26.15 | J59: 0.03
A60: Composição Auxiliar | B60: 93287 | C60: SINAPI | D60: GUINDASTE HIDRÁULICO AUTOPROPELIDO, COM LANÇA TELESCÓPICA 40 M, CAPACIDADE MÁXIMA 60 T, POTÊNCIA 260 KW - CHP DIURNO. AF_03/2016 | E60: Custos Horários Produtivo e Improdutivo dos Equipamentos | G60: CHP | H60: 0.00164 | I60: 365.48 | J60: 0.59
A61: Insumo | B61: 00001333 | C61: SINAPI | D61: CHAPA DE ACO GROSSA, ASTM A36, E = 1/2" (12,70 MM) 99,59 KG/M2 | E61: Material | G61: KG | H61: 0.060005 | I61: 9.1 | J61: 0.5460455
A62: Insumo | B62: 00000442 | C62: SINAPI | D62: PARAFUSO FRANCES M16 EM ACO GALVANIZADO, COMPRIMENTO = 45 MM, DIAMETRO = 16 MM, CABECA ABAULADA | E62: Material | G62: UN | H62: 0.051 | I62: 6.47 | J62: 0.32997
A63: Insumo | B63: 00043082 | C63: SINAPI | D63: PERFIL "I" OU "W" EM ACO LAMINADO, QUAISQUER DIMENSOES | E63: Material | G63: KG | H63: 1.091 | I63: 10 | J63: 10.91
E64: MO sem LS => | F64: 0.58 | G64: LS => | H64: 0 | I64: MO com LS => | J64: 0.58
E65: Valor do BDI => | F65: 3.14 | H65: Valor com BDI => | J65: 17.12
A67: 6.2 | B67: Código | C67: Banco | D67: Descrição | E67: Tipo | G67: Und | H67: Quant. | I67: Valor Unit | J67: Total
A68: Composição | B68: CPU635 | C68: Próprio | D68: ESTRUTURA METÁLICA EM PERFIL DOBRADO EM AÇO ESTRUTURAL A36, INCLUSOS MÃO DE OBRA, TRANSPORTE E IÇAMENTO UTILIZANDO GUINDASTE - FORNECIMENTO E INSTALAÇÃO. | E68: FUES - FUNDAÇÕES E ESTRUTURAS | G68: KG | H68: 1 | I68: 11.65 | J68: 11.65
A69: Composição Auxiliar | B69: 93287 | C69: SINAPI | D69: GUINDASTE HIDRÁULICO AUTOPROPELIDO, COM LANÇA TELESCÓPICA 40 M, CAPACIDADE MÁXIMA 60 T, POTÊNCIA 260 KW - CHP DIURNO. AF_03/2016 | E69: Custos Horários Produtivo e Improdutivo dos Equipamentos | G69: CHP | H69: 0.00164 | I69: 365.48 | J69: 0.59
A70: Composição Auxiliar | B70: 100716 | C70: SINAPI | D70: JATEAMENTO ABRASIVO COM GRANALHA DE AÇO EM PERFIL METÁLICO EM FÁBRICA. AF_01/2020 | E70: Pintura em Superfícies Metálicas | G70: m² | H70: 0.0227 | I70: 25.42 | J70: 0.57
A71: Composição Auxiliar | B71: 100719 | C71: SINAPI | D71: PINTURA COM TINTA ALQUÍDICA DE FUNDO (TIPO ZARCÃO) PULVERIZADA SOBRE PERFIL METÁLICO EXECUTADO EM FÁBRICA (POR DEMÃO). AF_01/2020_PE | E71: Pintura em Superfícies Metálicas | G71: m² | H71: 0.0227 | I71: 13.93 | J71: 0.31
A72: Composição Auxiliar | B72: 88240 | C72: SINAPI | D72: AJUDANTE DE ESTRUTURA METÁLICA COM ENCARGOS COMPLEMENTARES | E72: Livro SINAPI: Cálculos e Parâmetros | G72: H | H72: 0.0015 | I72: 26.15 | J72: 0.03
A73: Composição Auxiliar | B73: 93288 | C73: SINAPI | D73: GUINDASTE HIDRÁULICO AUTOPROPELIDO, COM LANÇA TELESCÓPICA 40 M, CAPACIDADE MÁXIMA 60 T, POTÊNCIA 260 KW - CHI DIURNO. AF_03/2016 | E73: Custos Horários Produtivo e Improdutivo dos Equipamentos | G73: CHI | H73: 0.00148 | I73: 191.01 | J73: 0.28
A74: Composição Auxiliar | B74: 88278 | C74: SINAPI | D74: MONTADOR DE ESTRUTURAS METÁLICAS COM ENCARGOS COMPLEMENTARES | E74: Livro SINAPI: Cálculos e Parâmetros | G74: H | H74: 0.015 | I74: 29.01 | J74: 0.43
A75: Insumo | B75: 00043083 | C75: SINAPI | D75: PERFIL "U" ENRIJECIDO, EM CHAPA DOBRADA DE ACO LAMINADO, E = 3,75 MM, H = 200 MM, L = 75 MM (9,94 KG/M) | E75: Material | G75: KG | H75: 1.091 | I75: 8.66 | J75: 9.44806
E76: MO sem LS => | F76: 0.58 | G76: LS => | H76: 0 | I76: MO com LS => | J76: 0.58
E77: Valor do BDI => | F77: 2.62 | H77: Valor com BDI => | J77: 14.27
A79: 8.1.4 | B79: Código | C79: Banco | D79: Descrição | E79: Tipo | G79: Und | H79: Quant. | I79: Valor Unit | J79: Total
A80: Composição | B80: CPU614 | C80: Próprio | D80: PORTA DE CORRER, 300X220 CM, DE ALUMÍNIO BRANCO, COM DUAS FOLHAS DE CORRER PARA VIDRO, DUAS FOLHAS FIXAS, INCLUSO VIDRO LISO INCOLOR 8MM, FECHADURA E PUXADOR, SEM ALISAR | E80: ESQV - ESQUADRIAS/FERRAGENS/VIDROS | G80: UN | H80: 1 | I80: 3020.49 | J80: 3020.49
A81: Composição Auxiliar | B81: 88316 | C81: SINAPI | D81: SERVENTE COM ENCARGOS COMPLEMENTARES | E81: Livro SINAPI: Cálculos e Parâmetros | G81: H | H81: 0.141 | I81: 24.88 | J81: 3.5
A82: Composição Auxiliar | B82: 88309 | C82: SINAPI | D82: PEDREIRO COM ENCARGOS COMPLEMENTARES | E82: Livro SINAPI: Cálculos e Parâmetros | G82: H | H82: 0.282 | I82: 33.62 | J82: 9.48
A83: Insumo | B83: 00004922 | C83: SINAPI | D83: PORTA DE CORRER EM ALUMINIO, DUAS FOLHAS MOVEIS COM VIDRO, FECHADURA E PUXADOR EMBUTIDO, ACABAMENTO ANODIZADO NATURAL, SEM GUARNICAO/ALIZAR/VISTA | E83: Material | G83: m² | H83: 5.32 | I83: 420.97 | J83: 2239.5604
A84: Insumo | B84: 00000142 | C84: SINAPI | D84: SELANTE ELASTICO MONOCOMPONENTE A BASE DE POLIURETANO (PU) PARA JUNTAS DIVERSAS | E84: Material | G84: 310ML | H84: 0.0637 | I84: 30.88 | J84: 1.967056
A85: Insumo | B85: 00007568 | C85: SINAPI | D85: BUCHA DE NYLON SEM ABA S10, COM PARAFUSO DE 6,10 X 65 MM EM ACO ZINCADO COM ROSCA SOBERBA, CABECA CHATA E FENDA PHILLIPS | E85: Material | G85: UN | H85: 4.72 | I85: 0.73 | J85: 3.4456
A86: Insumo | B86: 00036888 | C86: SINAPI | D86: GUARNICAO / MOLDURA / ARREMATE DE ACABAMENTO PARA ESQUADRIA, EM ALUMINIO PERFIL 25, ACABAMENTO ANODIZADO BRANCO OU BRILHANTE, PARA 1 FACE | E86: Material | G86: M | H86: 30.6 | I86: 24.92 | J86: 762.552
E87: MO sem LS => | F87: 9.93 | G87: LS => | H87: 0 | I87: MO com LS => | J87: 9.93
E88: Valor do BDI => | F88: 678.7 | H88: Valor com BDI => | J88: 3699.19
A90: 8.1.5 | B90: Código | C90: Banco | D90: Descrição | E90: Tipo | G90: Und | H90: Quant. | I90: Valor Unit | J90: Total
A91: Composição | B91: CPU615 | C91: Próprio | D91: PORTA DE CORRER, 240X210 CM, DE ALUMÍNIO BRANCO, COM DUAS FOLHAS, UMA DE CORRER E UMA FIXA, INCLUSO VIDRO LISO INCOLOR 8MM, FECHADURA E PUXADOR, SEM ALISAR | E91: ESQV - ESQUADRIAS/FERRAGENS/VIDROS | G91: UN | H91: 1 | I91: 983.09 | J91: 983.09
A92: Composição Auxiliar | B92: 88316 | C92: SINAPI | D92: SERVENTE COM ENCARGOS COMPLEMENTARES | E92: Livro SINAPI: Cálculos e Parâmetros | G92: H | H92: 0.141 | I92: 24.88 | J92: 3.5
A93: Composição Auxiliar | B93: 88309 | C93: SINAPI | D93: PEDREIRO COM ENCARGOS COMPLEMENTARES | E93: Livro SINAPI: Cálculos e Parâmetros | G93: H | H93: 0.282 | I93: 33.62 | J93: 9.48
A94: Insumo | B94: 00004922 | C94: SINAPI | D94: PORTA DE CORRER EM ALUMINIO, DUAS FOLHAS MOVEIS COM VIDRO, FECHADURA E PUXADOR EMBUTIDO, ACABAMENTO ANODIZADO NATURAL, SEM GUARNICAO/ALIZAR/VISTA | E94: Material | G94: m² | H94: 1.1385 | I94: 420.97 | J94: 479.27434
A95: Insumo | B95: 00000142 | C95: SINAPI | D95: SELANTE ELASTICO MONOCOMPONENTE A BASE DE POLIURETANO (PU) PARA JUNTAS DIVERSAS | E95: Material | G95: 310ML | H95: 0.0637 | I95: 30.88 | J95: 1.967056
A96: Insumo | B96: 00007568 | C96: SINAPI | D96: BUCHA DE NYLON SEM ABA S10, COM PARAFUSO DE 6,10 X 65 MM EM ACO ZINCADO COM ROSCA SOBERBA, CABECA CHATA E FENDA PHILLIPS | E96: Material | G96: UN | H96: 4.72 | I96: 0.73 | J96: 3.4456
A97: Insumo | B97: 00036888 | C97: SINAPI | D97: GUARNICAO / MOLDURA / ARREMATE DE ACABAMENTO PARA ESQUADRIA, EM ALUMINIO PERFIL 25, ACABAMENTO ANODIZADO BRANCO OU BRILHANTE, PARA 1 FACE | E97: Material | G97: M | H97: 19.48 | I97: 24.92 | J97: 485.4416
E98: MO sem LS => | F98: 9.93 | G98: LS => | H98: 0 | I98: MO com LS => | J98: 9.93
E99: Valor do BDI => | F99: 220.9 | H99: Valor com BDI => | J99: 1203.99
A101: 8.1.6 | B101: Código | C101: Banco | D101: Descrição | E101: Tipo | G101: Und | H101: Quant. | I101: Valor Unit | J101: Total
A102: Composição | B102: CPU622 | C102: Próprio | D102: PORTA DE VIDRO TEMPERADO, E=10 MM, 2 FOLHAS DE ABRIR, INCLUSIVE FERRAGENS - FORNECIMENTO E INSTALAÇÃO | E102: ESQV - ESQUADRIAS/FERRAGENS/VIDROS | G102: m² | H102: 1 | I102: 804.06 | J102: 804.06
A103: Composição Auxiliar | B103: 88325 | C103: SINAPI | D103: VIDRACEIRO COM ENCARGOS COMPLEMENTARES | E103: Livro SINAPI: Cálculos e Parâmetros | G103: H | H103: 0.8 | I103: 27.02 | J103: 21.61
A104: Insumo | B104: 00003104 | C104: SINAPI | D104: CONJ. DE FERRAGENS PARA PORTA DE VIDRO TEMPERADO, EM ZAMAC CROMADO, CONTEMPLANDO DOBRADICA INF., DOBRADICA SUP., PIVO PARA DOBRADICA INF., PIVO PARA DOBRADICA SUP., FECHADURA CENTRAL EM ZAMC. CROMADO, CONTRA FECHADURA DE PRESSAO | E104: Material | G104: CJ | H104: 1.5 | I104: 155.46 | J104: 233.19
A105: Insumo | B105: 00005031 | C105: SINAPI | D105: VIDRO TEMPERADO INCOLOR PARA PORTA DE ABRIR, E = 10 MM (SEM FERRAGENS E SEM COLOCACAO) | E105: Material | G105: m² | H105: 1 | I105: 237.6 | J105: 237.6
A106: Insumo | B106: 00039961 | C106: SINAPI | D106: SILICONE ACETICO USO GERAL INCOLOR 280 G | E106: Material | G106: UN | H106: 0.56 | I106: 20.41 | J106: 11.4296
A107: Insumo | B107: 00038168 | C107: SINAPI | D107: PUXADOR TUBULAR RETO DUPLO, EM ALUMINIO CROMADO, COMPRIMENTO DE APROX 400 MM E DIAMETRO DE 25 MM (1") | E107: Material | G107: UN | H107: 2 | I107: 150.12 | J107: 300.24
E108: MO sem LS => | F108: 15.84 | G108: LS => | H108: 0 | I108: MO com LS => | J108: 15.84
E109: Valor do BDI => | F109: 180.67 | H109: Valor com BDI => | J109: 984.73
...

Sheet CFF
A1: MUNICÍPIO DE NOVA SERRANA
A2: ESTADO DE MINAS GERAIS
A3: CNPJ: 18.291.385/0001-59
A5: Objeto: | B5: ='ORÇAMENTO SINTÉTICO'!B5 -> CONTRATAÇÃO DE EMPRESA ESPECIALIZADA PARA A CONSTRUÇÃO DE CENTRO MUNICIPAL DE EDUCAÇÃO INFANTIL NO BAIRRO SANTA TEREZA, CONFORME PROJETOS, MEMORIAIS, MODELO BIM E DOCUMENTOS AUXILIARES
A6: Município: | B6: Nova Serrana - MG
A7: Endereço: | B7: ='ORÇAMENTO SINTÉTICO'!B7 -> Avenida 02, SN, bairro Santa Tereza, Nova Serrana - MG
A8: BDI: | B8: 0.2247
A9: Encargos Sociais: Não Desonerado
A10: ='ORÇAMENTO SINTÉTICO'!A10 -> Referência de Preços: SINAPI - 02/2026 - Minas Gerais ; SBC - 03/2026 - Minas Gerais ; SICRO3 - 10/2025 - Minas Gerais ; ORSE - 12/2025 - Sergipe ; SEINFRA - 028 - Ceará ; SETOP - 10/2025 - Minas Gerais ; SIURB - 07/2025 - São Paulo ; SUDECAP - 10/2025 - Minas Gerais
A11: Valor total: | I11: ='ORÇAMENTO SINTÉTICO'!J11 -> 7593113.2
A13: CRONOGRAMA FÍSICO-FINANCEIRO
A14: Item | B14: Descrição | C14: Total Por Etapa | D14: 1º MÊS | E14: 2º MÊS | F14: 3º MÊS | G14: 4º MÊS | H14: 5º MÊS | I14: 6º MÊS | J14: 7º MÊS | K14: 8º MÊS | L14: 9º MÊS | M14: 10º MÊS | N14: 11º MÊS | O14: 12º MÊS | P14: 13º MÊS | Q14: 14º MÊS | R14: 15º MÊS | S14: 16º MÊS | T14: 17º MÊS | U14: 18º MÊS
A15: 1 | B15: SERVIÇOS PRELIMINARES | C15: 100,00% 151.792,95 | D15: 34,50% 52.368,57 | E15: 33,50% 50.850,64 | F15: 2,00% 3.035,86 | G15: 2,00% 3.035,86 | H15: 2,00% 3.035,86 | I15: 2,00% 3.035,86 | J15: 2,00% 3.035,86 | K15: 2,00% 3.035,86 | L15: 2,00% 3.035,86 | M15: 2,00% 3.035,86 | N15: 2,00% 3.035,86 | O15: 2,00% 3.035,86 | P15: 2,00% 3.035,86 | Q15: 2,00% 3.035,86 | R15: 2,00% 3.035,86 | S15: 2,00% 3.035,86 | T15: 2,00% 3.035,86 | U15: 2,00% 3.035,86
A16: 2 | B16: ADMINISTRAÇÃO LOCAL | C16: 100,00% 535.170,24 | D16: 5,55% 29.701,95 | E16: 5,55% 29.701,95 | F16: 5,55% 29.701,95 | G16: 5,55% 29.701,95 | H16: 5,55% 29.701,95 | I16: 5,55% 29.701,95 | J16: 5,55% 29.701,95 | K16: 5,55% 29.701,95 | L16: 5,55% 29.701,95 | M16: 5,50% 29.434,36 | N16: 5,55% 29.701,95 | O16: 5,55% 29.701,95 | P16: 5,55% 29.701,95 | Q16: 5,55% 29.701,95 | R16: 5,55% 29.701,95 | S16: 5,55% 29.701,95 | T16: 5,55% 29.701,95 | U16: 5,70% 30.504,70
A17: 3 | B17: PREPARAÇÃO DO TERRENO E MOVIMENTAÇÃO DE SOLO | C17: 100,00% 53.426,63 | F17: 25,00% 13.356,66 | G17: 25,00% 13.356,66 | H17: 25,00% 13.356,66 | I17: 25,00% 13.356,66
A18: 4 | B18: FUNDAÇÕES E INFRAESTRUTURA - CONCRETO ARMADO | C18: 100,00% 1.042.561,63 | F18: 10,00% 104.256,16 | G18: 15,00% 156.384,24 | H18: 25,00% 260.640,41 | I18: 15,00% 156.384,24 | J18: 25,00% 260.640,41 | K18: 10,00% 104.256,16
A19: 5 | B19: SUPERESTRUTURA - CONCRETO ARMADO | C19: 100,00% 1.181.178,45 | I19: 10,00% 118.117,85 | J19: 15,00% 177.176,77 | K19: 15,00% 177.176,77 | L19: 15,00% 177.176,77 | M19: 15,00% 177.176,77 | N19: 15,00% 177.176,77 | O19: 15,00% 177.176,77
A20: 6 | B20: ESTRUTURAS METÁLICAS | C20: 100,00% 250.596,45 | O20: 50,00% 125.298,23 | P20: 25,00% 62.649,11 | Q20: 25,00% 62.649,11
A21: 7 | B21: ALVENARIA DE VEDAÇÃO E FECHAMENTO | C21: 100,00% 370.507,72 | J21: 10,00% 37.050,77 | K21: 10,00% 37.050,77 | L21: 10,00% 37.050,77 | M21: 10,00% 37.050,77 | N21: 10,00% 37.050,77 | O21: 10,00% 37.050,77 | P21: 10,00% 37.050,77 | Q21: 10,00% 37.050,77 | R21: 20,00% 74.101,54
A22: 8 | B22: ESQUADRIAS | C22: 100,00% 316.146,51 | L22: 15,00% 47.421,98 | M22: 10,00% 31.614,65 | N22: 10,00% 31.614,65 | O22: 10,00% 31.614,65 | P22: 10,00% 31.614,65 | Q22: 15,00% 47.421,98 | R22: 20,00% 63.229,30 | S22: 10,00% 31.614,65
A23: 9 | B23: SISTEMAS DE COBERTURA | C23: 100,00% 497.167,85 | J23: 10,00% 49.716,79 | K23: 10,00% 49.716,79 | L23: 10,00% 49.716,79 | M23: 10,00% 49.716,79 | N23: 20,00% 99.433,57 | O23: 30,00% 149.150,36 | P23: 10,00% 49.716,79
A24: 10 | B24: PINTURAS E REVESTIMENTOS | C24: 100,00% 738.913,23 | N24: 15,00% 110.836,98 | O24: 15,00% 110.836,98 | P24: 20,00% 147.782,65 | Q24: 20,00% 147.782,65 | R24: 15,00% 110.836,98 | S24: 15,00% 110.836,98
A25: 11 | B25: GESSO E ACABAMENTOS DE TETO | C25: 100,00% 122.164,72 | O25: 15,00% 18.324,71 | P25: 10,00% 12.216,47 | Q25: 25,00% 30.541,18 | R25: 25,00% 30.541,18 | S25: 25,00% 30.541,18
A26: 12 | B26: PISOS INTERNOS | C26: 100,00% 232.212,17 | N26: 10,00% 23.221,22 | O26: 15,00% 34.831,83 | P26: 25,00% 58.053,04 | Q26: 25,00% 58.053,04 | R26: 25,00% 58.053,04
A27: 13 | B27: PISOS EXTERNOS | C27: 100,00% 176.451,55 | L27: 25,00% 44.112,89 | M27: 25,00% 44.112,89 | N27: 25,00% 44.112,89 | O27: 25,00% 44.112,89
A28: 14 | B28: ACABAMENTOS DOS ACESSOS E QUADRA ESPORTIVA | C28: 100,00% 148.346,86 | S28: 50,00% 74.173,43 | T28: 50,00% 74.173,43
A29: 15 | B29: INSTALAÇÕES HIDRÁULICAS | C29: 100,00% 156.912,33 | I29: 10,00% 15.691,23 | J29: 15,00% 23.536,85 | K29: 20,00% 31.382,47 | L29: 20,00% 31.382,47 | M29: 25,00% 39.228,08 | N29: 10,00% 15.691,23
A30: 16 | B30: INSTALAÇÕES SANITÁRIAS E PLUVIAIS | C30: 100,00% 219.051,84 | I30: 10,00% 21.905,18 | J30: 15,00% 32.857,78 | K30: 20,00% 43.810,37 | L30: 20,00% 43.810,37 | M30: 25,00% 54.762,96 | N30: 10,00% 21.905,18
A31: 17 | B31: INSTALAÇÕES ELÉTRICAS | C31: 100,00% 421.080,20 | J31: 20,00% 84.216,04 | K31: 20,00% 84.216,04 | L31: 20,00% 84.216,04 | M31: 20,00% 84.216,04 | N31: 20,00% 84.216,04
A32: 18 | B32: RESERVATÓRIO METÁLICO | C32: 100,00% 96.489,80 | M32: 15,00% 14.473,47 | N32: 25,00% 24.122,45 | O32: 20,00% 19.297,96 | P32: 40,00% 38.595,92
A33: 19 | B33: LOUÇAS, METAIS E ACESSÓRIOS | C33: 100,00% 221.617,97 | M33: 5,00% 11.080,90 | N33: 5,00% 11.080,90 | O33: 5,00% 11.080,90 | R33: 10,00% 22.161,80 | S33: 25,00% 55.404,49 | T33: 25,00% 55.404,49 | U33: 25,00% 55.404,49
A34: 20 | B34: SISTEMA DE PREVENÇÃO E COMBATE A INCÊNDIO E PÂNICO | C34: 100,00% 143.432,84 | N34: 15,00% 21.514,93 | O34: 15,00% 21.514,93 | P34: 10,00% 14.343,28 | Q34: 15,00% 21.514,93 | R34: 25,00% 35.858,21 | S34: 10,00% 14.343,28 | T34: 10,00% 14.343,28
A35: 21 | B35: INSTALAÇÕES DE GASES PREDIAIS | C35: 100,00% 7.693,90 | R35: 25,00% 1.923,48 | S35: 25,00% 1.923,48 | T35: 50,00% 3.846,95
A36: 22 | B36: SISTEMA DE PROTEÇÃO CONTRA DESCARGAS ATMOSFÉRICAS | C36: 100,00% 83.105,47 | I36: 15,00% 12.465,82 | J36: 15,00% 12.465,82 | K36: 15,00% 12.465,82 | L36: 15,00% 12.465,82 | M36: 15,00% 12.465,82 | N36: 15,00% 12.465,82 | O36: 10,00% 8.310,55
A37: 23 | B37: INSTALAÇÕES DE TELEFONIA E DADOS | C37: 100,00% 62.433,79 | M37: 10,00% 6.243,38 | N37: 15,00% 9.365,07 | O37: 10,00% 6.243,38 | P37: 15,00% 9.365,07 | Q37: 20,00% 12.486,76 | R37: 30,00% 18.730,14
A38: 24 | B38: BANCADAS E PEDRARIAS | C38: 100,00% 93.501,86 | S38: 25,00% 23.375,47 | T38: 25,00% 23.375,47 | U38: 50,00% 46.750,93
A39: 25 | B39: SERVIÇOS COMPLEMENTARES E MURO DE CONTORNO | C39: 100,00% 199.301,16 | L39: 15,00% 29.895,17 | M39: 10,00% 19.930,12 | R39: 25,00% 49.825,29 | S39: 25,00% 49.825,29 | T39: 25,00% 49.825,29
A40: 26 | B40: PAISAGIMO E SERVIÇOS FINAIS | C40: 100,00% 71.855,07 | T40: 50,00% 35.927,54 | U40: 50,00% 35.927,54
A41: Porcentagem | D41: 1,08% | E41: 1,06% | F41: 1,98% | G41: 2,67% | H41: 4,04% | I41: 4,88% | J41: 9,36% | K41: 7,54% | L41: 7,77% | M41: 8,09% | N41: 9,96% | O41: 10,9% | P41: 6,51% | Q41: 5,93% | R41: 6,56% | S41: 5,59% | T41: 3,81% | U41: 2,26%
A42: Custo | D42: 82.070,51 | E42: 80.552,58 | F42: 150.350,62 | G42: 202.478,70 | H42: 306.734,87 | I42: 370.658,79 | J42: 710.399,02 | K42: 572.812,98 | L42: 589.986,86 | M42: 614.542,85 | N42: 756.546,27 | O42: 827.582,69 | P42: 494.125,56 | Q42: 450.238,22 | R42: 497.998,76 | S42: 424.776,05 | T42: 289.634,25 | U42: 171.623,52
A43: Porcentagem Acumulado | D43: 1,08% | E43: 2,14% | F43: 4,12% | G43: 6,79% | H43: 10,83% | I43: 15,71% | J43: 25,07% | K43: 32,61% | L43: 40,38% | M43: 48,47% | N43: 58,44% | O43: 69,34% | P43: 75,84% | Q43: 81,77% | R43: 88,33% | S43: 93,93% | T43: 97,74% | U43: 100,0%
A44: Custo Acumulado | D44: 82.070,51 | E44: 162.623,09 | F44: 312.973,71 | G44: 515.452,41 | H44: 822.187,28 | I44: 1.192.846,07 | J44: 1.903.245,09 | K44: 2.476.058,07 | L44: 3.066.044,93 | M44: 3.680.587,78 | N44: 4.437.134,05 | O44: 5.264.716,74 | P44: 5.758.842,30 | Q44: 6.209.080,52 | R44: 6.707.079,28 | S44: 7.131.855,33 | T44: 7.421.489,58 | U44: 7.593.113,19
A46: RAFAEL LUAN LIMA DE SÁ
A47: RESPONSÁVEL TÉCNICO PELO ORÇAMENTO - ENGENHEIRO CIVIL - CREA/MG- 243.163/D

Sheet BDI
A1: MUNICÍPIO DE NOVA SERRANA
A2: ESTADO DE MINAS GERAIS
A3: CNPJ: 18.291.385/0001-59
A5: Objeto: | B5: ='ORÇAMENTO SINTÉTICO'!B5 -> CONTRATAÇÃO DE EMPRESA ESPECIALIZADA PARA A CONSTRUÇÃO DE CENTRO MUNICIPAL DE EDUCAÇÃO INFANTIL NO BAIRRO SANTA TEREZA, CONFORME PROJETOS, MEMORIAIS, MODELO BIM E DOCUMENTOS AUXILIARES
A6: Município: | B6: Nova Serrana - MG
A7: Endereço: | B7: ='ORÇAMENTO SINTÉTICO'!B7 -> Avenida 02, SN, bairro Santa Tereza, Nova Serrana - MG
A8: BDI: | B8: 0.2247
A9: Encargos Sociais: Não Desonerado
A10: ='ORÇAMENTO SINTÉTICO'!A10 -> Referência de Preços: SINAPI - 02/2026 - Minas Gerais ; SBC - 03/2026 - Minas Gerais ; SICRO3 - 10/2025 - Minas Gerais ; ORSE - 12/2025 - Sergipe ; SEINFRA - 028 - Ceará ; SETOP - 10/2025 - Minas Gerais ; SIURB - 07/2025 - São Paulo ; SUDECAP - 10/2025 - Minas Gerais
A11: Valor total: | E11: ='ORÇAMENTO SINTÉTICO'!J11 -> 7593113.2
A12: COMPOSIÇÃO DO BDI
A13: BONIFICAÇÃO E DESPESAS INDIRETAS - BDI - CONFORME ACORDÃO TCU 2622/2013 - SEM DESONERAÇÃO
A14: DISCRINAÇÃO DAS PARCELAS | B14: SIGLA | C14: VALORES ADOTADOS | D14: LIMITE INFERIOR | E14: LIMITE SUPERIOR | F14: INCIDÊNCIA
A15: CUSTO DIRETO | B15: CD | C15: 1
A16: ADMINISTRAÇÃO CENTRAL | B16: AC | C16: 0.03 | D16: 0.038 | E16: 0.0467 | F16: CD
A17: LUCRO | B17: L | C17: 0.0616 | D17: 0.0664 | E17: 0.0896 | F17: CD
A18: DESPESAS FINANCEIRAS | B18: DF | C18: 0.0059 | D18: 0.0102 | E18: 0.0121 | F18: CD
A19: SEGUROS, GARANTIAS E RISCO | B19: - | C19: =C20+C21 -> 0.0177 | F19: CD
A20: SEGUROS + GARANTIAS | B20: S | C20: 0.008 | D20: 0.0032 | E20: 0.0074 | F20: CD
A21: RISCO * | B21: R | C21: 0.0097 | D21: 0.005 | E21: 0.0097 | F21: CD
A22: TRIBUTOS | B22: I | C22: =SUM(C23:C25) -> 0.0865 | F22: PV
A23: ISS | B23: ISS | C23: 0.05 | D23: 0.01 | E23: 0.05 | F23: PV
A24: PIS | B24: PIS | C24: 0.0065 | D24: 0.0065 | E24: 0.0065 | F24: PV
A25: COFINS | B25: COFINS | C25: 0.03 | D25: 0.03 | E25: 0.03 | F25: PV
A26: CPRB | B26: INSS | C26: 0 | D26: 0 | E26: 0.045 | F26: PV
A28: FÓRMULA DO BDI | B28: BDI
A29: BDI CALCULADO | B29: =(1+(C16+C19))*(1+C18)*(1+C17)/(1-(C22+C26))-1 -> 0.22474059
A30: ISS MUNICIPIO DE NOVA SERRANA | B30: 0.05 | C30: QUANTO AO ISS O TCU MANDA OBSERVAR A LEGISLAÇÃO DO MUNICÍPIO. NO MUNICÍPIO ATUALMENTE A INCIDÊNCIA DO REFERIDO ISS É 100% DO PREÇO DO SERVIÇO.
A34: RAFAEL LUAN LIMA DE SÁ
A35: ENGENHEIRO CIVIL - CREA/MG- 243.163/D
A36: MATRÍCULA: 27126

Sheet MEMÓRIA 
A1: MUNICÍPIO DE NOVA SERRANA
A2: ESTADO DE MINAS GERAIS
A3: CNPJ: 18.291.385/0001-59
A5: Objeto: | B5: CONTRATAÇÃO DE EMPRESA ESPECIALIZADA PARA A CONSTRUÇÃO DE CENTRO MUNICIPAL DE EDUCAÇÃO INFANTIL NO BAIRRO SANTA TEREZA, CONFORME PROJETOS, MEMORIAIS, MODELO BIM E DOCUMENTOS AUXILIARES
A6: Município: | B6: Nova Serrana - MG
A7: Endereço: | B7: Avenida 02, SN, bairro Santa Tereza, Nova Serrana - MG
A8: BDI: | B8: 0.2247
A9: Encargos Sociais: Não Desonerado
A10: ='ORÇAMENTO SINTÉTICO'!A10 -> Referência de Preços: SINAPI - 02/2026 - Minas Gerais ; SBC - 03/2026 - Minas Gerais ; SICRO3 - 10/2025 - Minas Gerais ; ORSE - 12/2025 - Sergipe ; SEINFRA - 028 - Ceará ; SETOP - 10/2025 - Minas Gerais ; SIURB - 07/2025 - São Paulo ; SUDECAP - 10/2025 - Minas Gerais
A11: Valor total: | J11: ='ORÇAMENTO SINTÉTICO'!J11 -> 7593113.2
A12: Item | B12: Código | C12: Banco | D12: Descrição | E12: Und | F12: Quant. | G12: Valor Unit | H12: Valor Unit com BDI | I12: Total | J12: Peso (%)
A13: 1 | D13: SERVIÇOS PRELIMINARES | F13: 1 | H13: 151792.95 | I13: 151792.95 | J13: 0.019990871
A14: 1.1 | B14: 103689 | C14: SINAPI | D14: FORNECIMENTO E INSTALAÇÃO DE PLACA DE OBRA COM CHAPA GALVANIZADA E ESTRUTURA DE MADEIRA. AF_03/2022_PS | E14: m² | F14: 6.48 | G14: 377.67 | H14: 462.53 | I14: 2997.19 | J14: 0.00039472479
A15: Local | D15: Descrição | E15: Fórmula | I15: Quantidade
D16: Considerando a placa no novo tamanho do padrão CAIXA, com dimensões de 3,60x1,80 | I16: 6.48
A17: 1.2 | B17: 98459 | C17: SINAPI | D17: TAPUME COM TELHA METÁLICA. AF_03/2024 | E17: m² | F17: 830.49 | G17: 85.15 | H17: 104.28 | I17: 86603.5 | J17: 0.011405533
A18: Local | D18: Descrição | E18: Fórmula | I18: Quantidade
D19: Considerando o perímetro total da obra, considerando as telhas com 3m de altura. | E19: (92+31,33+89,83+9,42+54,25)*3 | I19: 830.49
A20: 1.3 | B20: ED-50150 | C20: SETOP | D20: LIGAÇÃO DE ÁGUA PROVISÓRIA PARA CANTEIRO, INCLUSIVE HIDRÔMETRO E CAVALETE PARA MEDIÇÃO DE ÁGUA ENTRADA PRINCIPAL, EM AÇO GALVANIZADO DN 20MM (1/2”) PADRÃO CONCESSIONÁRIA | E20: un | F20: 1 | G20: 592.8 | H20: 726 | I20: 726 | J20: 9.5612956e-05
A21: Local | D21: Descrição | E21: Fórmula | I21: Quantidade
D22: Considerando a ligação provisória de água. | E22: 1 | I22: 1
A23: 1.4 | B23: ED-50151 | C23: SETOP | D23: LIGAÇÃO PROVISÓRIA COM ENTRADA DE ENERGIA AÉREA, PADRÃO CEMIG, CARGA INSTALADA DE 15,1KVA ATÉ 30KVA, TRIFÁSICO, COM SAÍDA SUBTERRÂNEA, INCLUSIVE POSTE, CAIXA PARA MEDIDOR, DISJUNTOR, BARRAMENTO, ATERRAMENTO E ACESSÓRIOS | E23: un | F23: 1 | G23: 965.51 | H23: 1182.46 | I23: 1182.46 | J23: 0.00015572796
A24: Local | D24: Descrição | E24: Fórmula | I24: Quantidade
D25: Considerando a ligação provisória de energia. | E25: 1 | I25: 1
A26: 1.5 | B26: ED-50137 | C26: SETOP | D26: MOBILIZAÇÃO E DESMOBILIZAÇÃO DE CONTAINER, INCLUSIVE CARGA, DESCARGA E TRANSPORTE EM CAMINHÃO CARROCERIA COM GUINDAUTO (MUNCK), EXCLUSIVE LOCAÇÃO DO CONTAINER | E26: un | F26: 2 | G26: 1668.96 | H26: 2043.98 | I26: 4087.96 | J26: 0.00053837733
A27: Local | D27: Descrição | E27: Fórmula | I27: Quantidade
D28: Considerando a mobilização de um container de escritório de obra e um de ferramentaria. | E28: 2 | I28: 2
A29: 1.6 | B29: ED-16349 | C29: SETOP | D29: LOCAÇÃO DE CONTAINER COM ISOLAMENTO TÉRMICO, TIPO 2, PARA ESCRITÓRIO DE OBRA COM SANITÁRIO CONTENDO UM (1) VASO SANITÁRIO E UM (1) LAVATÓRIO, COM MEDIDAS REFERENCIAIS DE (6) METROS COMPRIMENTO, (2,3) METROS LARGURA E (2,5) METROS ALTURA ÚTIL INTERNA, INCLUSIVE AR CONDICIONADO E LIGAÇÕES ELÉTRICAS E HIDROSSANITÁRIAS INTERNAS, EXCLUSIVE MOBILIZAÇÃO/DESMOBILIZAÇÃO E LIGAÇÕES PROVISÓRIAS EXTERNAS | E29: mês | F29: 18 | G29: 1633.81 | H29: 2000.93 | I29: 36016.74 | J29: 0.004743343
A30: Local | D30: Descrição | E30: Fórmula | I30: Quantidade
D31: Considerando 18 meses de obra. | E31: 18 | I31: 18
A32: 1.7 | B32: ED-16350 | C32: SETOP | D32: LOCAÇÃO DE CONTAINER COM ISOLAMENTO TÉRMICO, TIPO 3, PARA DEPÓSITO/FERRAMENTARIA DE OBRA, COM MEDIDAS REFERENCIAIS DE (6) METROS COMPRIMENTO, (2,3) METROS LARGURA E (2,5) METROS ALTURA ÚTIL INTERNA, INCLUSIVE LIGAÇÕES ELÉTRICAS INTERNAS, EXCLUSIVE MOBILIZAÇÃO/DESMOBILIZAÇÃO E LIGAÇÕES PROVISÓRIAS EXTERNAS | E32: mês | F32: 18 | G32: 858.71 | H32: 1051.66 | I32: 18929.88 | J32: 0.0024930328
A33: Local | D33: Descrição | E33: Fórmula | I33: Quantidade
D34: Considerando 18 meses de obra. | E34: 18 | I34: 18
A35: 1.8 | B35: ED-16357 | C35: SETOP | D35: LIGAÇÕES PROVISÓRIAS PARA CONTAINER TIPO 2 (CORRESPONDENTE AO CÓDIGO ED 16349) | E35: un | F35: 1 | G35: 676.99 | H35: 829.11 | I35: 829.11 | J35: 0.00010919237
A36: Local | D36: Descrição | E36: Fórmula | I36: Quantidade
D37: Considerando a ligação para o container | E37: 1 | I37: 1
A38: 1.9 | B38: ED-16358 | C38: SETOP | D38: LIGAÇÕES PROVISÓRIAS PARA CONTAINER TIPO 3 (CORRESPONDENTE AO CÓDIGO ED 16350) | E38: un | F38: 1 | G38: 343.03 | H38: 420.11 | I38: 420.11 | J38: 5.5327767e-05
A39: Local | D39: Descrição | E39: Fórmula | I39: Quantidade
D40: Considerando a ligação para o container | E40: 1 | I40: 1
A41: 2 | D41: ADMINISTRAÇÃO LOCAL | F41: 1 | H41: 535170.24 | I41: 535170.24 | J41: 0.070481004
A42: 2.1 | B42: 90777 | C42: SINAPI | D42: ENGENHEIRO CIVIL DE OBRA JUNIOR COM ENCARGOS COMPLEMENTARES | E42: H | F42: 1584 | G42: 142.42 | H42: 174.42 | I42: 276281.28 | J42: 0.036385771
A43: Local | D43: Descrição | E43: Fórmula | I43: Quantidade
D44: Considerando o período de duração da obra de 18 meses, sendo 4 horas trabalhadas nos dias úteis | E44: 4*22*18 | I44: 1584
A45: 2.2 | B45: 90776 | C45: SINAPI | D45: ENCARREGADO GERAL COM ENCARGOS COMPLEMENTARES | E45: H | F45: 3168 | G45: 66.73 | H45: 81.72 | I45: 258888.96 | J45: 0.034095233
A46: Local | D46: Descrição | E46: Fórmula | I46: Quantidade
D47: Considerando o período de 18 meses de obra, 8 horas por dia durante os dias úteis do mês | E47: 8*22*18 | I47: 3168
A48: 3 | D48: PREPARAÇÃO DO TERRENO E MOVIMENTAÇÃO DE SOLO | F48: 1 | H48: 53426.63 | I48: 53426.63 | J48: 0.0070361957
A49: 3.1 | B49: 98525 | C49: SINAPI | D49: LIMPEZA MECANIZADA DE CAMADA VEGETAL, VEGETAÇÃO E PEQUENAS ÁRVORES (DIÂMETRO DE TRONCO MENOR QUE 0,20 M), COM TRATOR DE ESTEIRAS. AF_03/2024 | E49: m² | F49: 4241.75 | G49: 0.73 | H49: 0.89 | I49: 3775.16 | J49: 0.00049718211
A50: Local | D50: Descrição | E50: Fórmula | I50: Quantidade
D51: Considerando a área total do terreno | E51: 4241,75 | I51: 4241.75
A52: 3.2 | B52: RO-00044 | C52: SETOP | D52: Escavação, carga e transporte de solos moles executado com caminhão basculante de 12 m3 e com caminho de serviço pavimentado DMT de 3.000 m | E52: m³ | F52: 424.18 | G52: 23.89 | H52: 29.26 | I52: 12411.51 | J52: 0.0016345746
A53: Local | D53: Descrição | E53: Fórmula | I53: Quantidade
D54: Considerando a remoção de uma cama de 10cm de solo, em toda a área | I54: 424.18
A55: 3.3 | B55: RO-00215 | C55: SETOP | D55: Compactação de aterros a 100% do Proctor normal (Inclui espalhamento) | E55: m³ | F55: 5873.81 | G55: 5.18 | H55: 6.34 | I55: 37239.96 | J55: 0.0049044389
A56: Local | D56: Descrição | E56: Fórmula | I56: Quantidade
D57: Considerando o nível imposto, em toda a extensão do terreno | I57: 5873.81
A58: 4 | D58: FUNDAÇÕES E INFRAESTRUTURA - CONCRETO ARMADO | F58: 1 | H58: 1042561.6 | I58: 1042561.6 | J58: 0.13730358
A59: 4.1 | D59: SAPATAS | F59: 1 | H59: 420018.83 | I59: 420018.83 | J59: 0.05531576
A60: 4.1.1 | B60: 104919 | C60: SINAPI | D60: ARMAÇÃO DE SAPATA ISOLADA, VIGA BALDRAME E SAPATA CORRIDA UTILIZANDO AÇO CA-50 DE 10 MM - MONTAGEM. AF_01/2024 | E60: KG | F60: 5499 | G60: 12.38 | H60: 15.16 | I60: 83364.84 | J60: 0.010979007
A61: Local | D61: Descrição | E61: Fórmula | I61: Quantidade
D62: Considerando quantitativo extraído do projeto estrutural (MC - Projeto Estrutural) | E62: 5499 | I62: 5499
A63: 4.1.2 | B63: 96535 | C63: SINAPI | D63: FABRICAÇÃO, MONTAGEM E DESMONTAGEM DE FÔRMA PARA SAPATA, EM MADEIRA SERRADA, E=25 MM, 4 UTILIZAÇÕES. AF_01/2024 | E63: m² | F63: 528.92 | G63: 149.17 | H63: 182.69 | I63: 96628.39 | J63: 0.012725793
A64: Local | D64: Descrição | E64: Fórmula | I64: Quantidade
D65: Considerando quantitativo extraído do projeto estrutural (MC - Projeto Estrutural) | E65: 528,92 | I65: 528.92
A66: 4.1.3 | B66: CPU572 | C66: Próprio | D66: CONCRETAGEM DE SAPATA, FCK 25 MPA, COM USO DE BOMBA - LANÇAMENTO, ADENSAMENTO E ACABAMENTO. AF_01/2024 - Adaptado da SINAPI (96558) | E66: m³ | F66: 173.65 | G66: 799.81 | H66: 979.53 | I66: 170095.38 | J66: 0.02240127
A67: Local | D67: Descrição | E67: Fórmula | I67: Quantidade
D68: Considerando quantitativo extraído do projeto estrutural (MC - Projeto Estrutural) | E68: 173,65 | I68: 173.65
A69: 4.1.4 | B69: 96523 | C69: SINAPI | D69: ESCAVAÇÃO MANUAL PARA BLOCO DE COROAMENTO OU SAPATA (INCLUINDO ESCAVAÇÃO PARA COLOCAÇÃO DE FÔRMAS). AF_01/2024 | E69: m³ | F69: 289.42 | G69: 110.24 | H69: 135.01 | I69: 39074.59 | J69: 0.0051460566
A70: Local | D70: Descrição | E70: Fórmula | I70: Quantidade
D71: Considerando a área de escavação para as sapatas | E71: 289,42 | I71: 289.42
A72: 4.1.5 | B72: 104737 | C72: SINAPI | D72: REATERRO MANUAL DE VALAS, COM PLACA VIBRATÓRIA. AF_08/2023 | E72: m³ | F72: 115.77 | G72: 24.61 | H72: 30.14 | I72: 3489.31 | J72: 0.00045953615
A73: Local | D73: Descrição | E73: Fórmula | I73: Quantidade
D74: Considerando a diferença entre a área escavada e a área concretada | I74: 115.77
A75: 4.1.6 | B75: 98557 | C75: SINAPI | D75: IMPERMEABILIZAÇÃO DE SUPERFÍCIE COM EMULSÃO ASFÁLTICA, 2 DEMÃOS. AF_09/2023 | E75: m² | F75: 528.92 | G75: 42.25 | H75: 51.74 | I75: 27366.32 | J75: 0.0036040975
A76: Local | D76: Descrição | E76: Fórmula | I76: Quantidade
D77: Conforme área de fôrmas das sapatas | E77: 528,92 | I77: 528.92
A78: 4.2 | D78: ARRANQUES DE PILARES | F78: 1 | H78: 135721.54 | I78: 135721.54 | J78: 0.017874294
A79: 4.2.1 | B79: 92759 | C79: SINAPI | D79: ARMAÇÃO DE PILAR OU VIGA DE ESTRUTURA CONVENCIONAL DE CONCRETO ARMADO UTILIZANDO AÇO CA-60 DE 5,0 MM - MONTAGEM. AF_06/2022 | E79: KG | F79: 498 | G79: 14.2 | H79: 17.39 | I79: 8660.22 | J79: 0.0011405361
A80: Local | D80: Descrição | E80: Fórmula | I80: Quantidade
D81: Considerando quantitativo extraído do projeto estrutural (MC - Projeto Estrutural) | E81: 498 | I81: 498
A82: 4.2.2 | B82: 92762 | C82: SINAPI | D82: ARMAÇÃO DE PILAR OU VIGA DE ESTRUTURA CONVENCIONAL DE CONCRETO ARMADO UTILIZANDO AÇO CA-50 DE 10,0 MM - MONTAGEM. AF_06/2022 | E82: KG | F82: 1448 | G82: 10.33 | H82: 12.65 | I82: 18317.2 | J82: 0.0024123439
A83: Local | D83: Descrição | E83: Fórmula | I83: Quantidade
D84: Considerando quantitativo extraído do projeto estrutural (MC - Projeto Estrutural) | E84: 1448 | I84: 1448
A85: 4.2.3 | B85: 92763 | C85: SINAPI | D85: ARMAÇÃO DE PILAR OU VIGA DE ESTRUTURA CONVENCIONAL DE CONCRETO ARMADO UTILIZANDO AÇO CA-50 DE 12,5 MM - MONTAGEM. AF_06/2022 | E85: KG | F85: 1920 | G85: 8.58 | H85: 10.51 | I85: 20179.2 | J85: 0.0026575661
A86: Local | D86: Descrição | E86: Fórmula | I86: Quantidade
D87: Considerando quantitativo extraído do projeto estrutural (MC - Projeto Estrutural) | E87: 1920 | I87: 1920
A88: 4.2.4 | B88: 92269 | C88: SINAPI | D88: FABRICAÇÃO DE FÔRMA PARA PILARES E ESTRUTURAS SIMILARES, EM MADEIRA SERRADA, E=25 MM. AF_09/2020 | E88: m² | F88: 430.46 | G88: 129.74 | H88: 158.89 | I88: 68395.79 | J88: 0.0090076084
A89: Local | D89: Descrição | E89: Fórmula | I89: Quantidade
D90: Considerando quantitativo extraído do projeto estrutural (MC - Projeto Estrutural) | E90: 430,46 | I90: 430.46
A91: 4.2.5 | B91: 103672 | C91: SINAPI | D91: CONCRETAGEM DE PILARES, FCK = 25 MPA, COM USO DE BOMBA - LANÇAMENTO, ADENSAMENTO E ACABAMENTO. AF_02/2022_PS | E91: m³ | F91: 23.13 | G91: 712 | H91: 871.99 | I91: 20169.13 | J91: 0.0026562399
A92: Local | D92: Descrição | E92: Fórmula | I92: Quantidade
D93: Considerando quantitativo extraído do projeto estrutural (MC - Projeto Estrutural) | E93: 23,13 | I93: 23.13
A94: 4.3 | D94: VIGAS BALDRAMES | F94: 1 | H94: 428610.56 | I94: 428610.56 | J94: 0.056447277
A95: 4.3.1 | B95: 104916 | C95: SINAPI | D95: ARMAÇÃO DE SAPATA ISOLADA, VIGA BALDRAME E SAPATA CORRIDA UTILIZANDO AÇO CA-60 DE 5 MM - MONTAGEM. AF_01/2024 | E95: KG | F95: 1217.3 | G95: 17.37 | H95: 21.27 | I95: 25891.97 | J95: 0.0034099281
A96: Local | D96: Descrição | E96: Fórmula | I96: Quantidade
D97: Considerando quantitativo extraído do projeto estrutural (MC - Projeto Estrutural) | E97: 1217,30 | I97: 1217.3
A98: 4.3.2 | B98: 104918 | C98: SINAPI | D98: ARMAÇÃO DE SAPATA ISOLADA, VIGA BALDRAME E SAPATA CORRIDA UTILIZANDO AÇO CA-50 DE 8 MM - MONTAGEM. AF_01/2024 | E98: KG | F98: 990.3 | G98: 14.09 | H98: 17.26 | I98: 17092.58 | J98: 0.0022510635
A99: Local | D99: Descrição | E99: Fórmula | I99: Quantidade
D100: Considerando quantitativo extraído do projeto estrutural (MC - Projeto Estrutural) | E100: 990,30 | I100: 990.3
A101: 4.3.3 | B101: 104919 | C101: SINAPI | D101: ARMAÇÃO DE SAPATA ISOLADA, VIGA BALDRAME E SAPATA CORRIDA UTILIZANDO AÇO CA-50 DE 10 MM - MONTAGEM. AF_01/2024 | E101: KG | F101: 2772.2 | G101: 12.38 | H101: 15.16 | I101: 42026.55 | J101: 0.0055348246
...
